 Dungeon Crawl Stone Soup version 0.27-a0-1359-ga2a4dfd6fd (webtiles) character file.

Game seed: 15378610862582281814

1660185 totalnoob the Metallomancer (level 27, 310/310 HPs)
             Began as an Ogre Hedge Wizard on June 27, 2021.
             Was the Champion of Vehumet.
             Escaped with the Orb
             ... and 3 runes on June 28, 2021!
             The game lasted 05:08:42 (77670 turns).

totalnoob the Metallomancer (Ogre Hedge Wizard)    Turns: 77670, Time: 05:08:43

Health: 310/310    AC: 12    Str: 26    XL:     27
Magic:  52/54      EV: 14    Int: 29    God:    Vehumet [******]
Gold:   3825       SH: 23    Dex: 12    Spells: 4/63 levels left

rFire    + + .     SeeInvis +   H - +18 lance "Wyrmbane" {slay drac, rPois rF+ rC+ AC+3}
rCold    + + +     Faith    .   e - +5 kite shield {reflect}
rNeg     + . .     Spirit   .   a - +2 robe {rC+ rF+}
rPois    +         Reflect  +   c - +1 hat "Iperaask" {Will+ Str+4 Int+4}
rElec    .         Harm     .   N - +2 cloak of Moloxocw {rN+ Regen+}
rCorr    +         Rampage  .   (gloves unavailable)
Will     ++++.     Clarity  +   (boots unavailable)
Stlth    +.........             q - amulet of Xom's Sleight of Hands {Reflect Int+3 Dex+4 SH+5}
HPRegen  2.61/turn              f - ring "Kyrcho" {rPois Will+ rCorr}
MPRegen  0.34/turn              s - ring of Wucuty {rC+ MP+9 SInv}

@: studying 2 skills
A: large, unfitting armour, tough skin 1, hooves 1, clarity, dopey 1, poison
resistance, regeneration 1, inability to read while threatened
0: Orb of Zot
}: 3/15 runes: serpentine, barnacled, silver
a: Renounce Religion


You escaped.
You worshipped Vehumet.
Vehumet was exalted by your worship.
You visited 11 branches of the dungeon, and saw 51 of its levels.
You visited 1 ziggurat, and saw 16 of its levels.
You also visited: Trove, Bailey and Volcano.

You collected 11885 gold pieces.
You spent 8060 gold pieces at shops.

Inventory:

Hand Weapons
 H - the +18 lance "Wyrmbane" (weapon) {slay drac, rPois rF+ rC+ AC+3}
   (You found it on level 4 of the Depths)

   AC:        It affects your AC (+3).
   rF:        It protects you from fire.
   rC:        It protects you from cold.
   rPois:     It protects you from poison.
 P - the +5 whip "Jufoareu" {flame, rC+++ rN+ Will+ Int-2}
   (You found it on level 3 of the Elven Halls)

   It has been specially enchanted to burn those struck by it, causing extra
   injury to most foes and up to half again as much damage against particularly
   susceptible opponents.
   Int:       It affects your intelligence (-2).
   rC:        It renders you almost immune to cold.
   rN:        It protects you from negative energy.
   Will:      It increases your willpower.
Armour
 a - a +2 robe of resistance (worn)
   (You took it off an orc sorcerer on level 2 of the Orcish Mines)
 c - the +1 hat "Iperaask" (worn) {Will+ Str+4 Int+4}
   (You found it on level 1 of the Depths)

   Str:       It affects your strength (+4).
   Int:       It affects your intelligence (+4).
   Will:      It increases your willpower.
 e - a +5 kite shield of reflection (worn)
   (You found it in a treasure trove)
 L - the +4 skin of Zhor {*Englaciate rC+++ SInv}
   (You found it on level 1 of the Vaults)

   rC:        It renders you almost immune to cold.
   SInv:      It lets you see invisible.
 N - the +2 cloak of Moloxocw (worn) {rN+ Regen+}
   (You found it in a treasure trove)

   rN:        It protects you from negative energy.
   Regen:     It increases your rate of health regeneration.
 Q - +0 fire dragon scales
   (You found it on level 4 of the Depths)
Magical Staves
 z - a staff of fire {rF+}
   (You found it on level 5 of the Dungeon)
 D - a staff of conjuration {!a}
   (You found it on level 3 of the Elven Halls)
 T - a staff of earth
   (You found it on level 2 of the Lair of Beasts)
Jewellery
 f - the ring "Kyrcho" (left hand) {rPois Will+ rCorr}
   (You took it off a deep elf annihilator on level 3 of the Elven Halls)

   [ring of willpower]

   rPois:     It protects you from poison.
   rCorr:     It protects you from acid and corrosion.
   Will:      It increases your willpower.
 n - the ring of Happiness {AC+4 Int+2 SInv}
   (You took it off a merfolk on level 4 of the Shoals)

   [ring of protection]

   AC:        It affects your AC (+4).
   Int:       It affects your intelligence (+2).
   SInv:      It lets you see invisible.
 q - the amulet of Xom's Sleight of Hands (around neck) {Reflect Int+3 Dex+4 SH+5}
   (You found it on level 12 of a ziggurat)

   [amulet of reflection]

   It reflects blocked missile attacks.Int: It affects your intelligence (+3).
   Dex:       It affects your dexterity (+4).
   SH:        It affects your SH (+5).
 s - the ring of Wucuty (right hand) {rC+ MP+9 SInv}
   (You found it on level 15 of a ziggurat)

   [ring of magical power]

   rC:        It protects you from cold.
   MP:        It affects your magic capacity (+9).
   SInv:      It lets you see invisible.
 t - the ring "Wuchet" {rC- Str+5 Int+6 Slay+3}
   (You found it on level 4 of the Lair of Beasts)

   [ring of intelligence]

   Str:       It affects your strength (+5).
   Int:       It affects your intelligence (+6).
   Slay:      It affects your accuracy & damage with ranged weapons and melee
   (+3).
   rC:        It makes you vulnerable to cold.
 B - a ring of fire {rF+, rC-}
   (You found it on level 5 of the Dungeon)
 S - the ring of Nobility {rPois Will++ Str+2 Int+6 Dex-4}
   (You found it on level 13 of a ziggurat)

   [ring of intelligence]

   Str:       It affects your strength (+2).
   Int:       It affects your intelligence (+6).
   Dex:       It affects your dexterity (-4).
   rPois:     It protects you from poison.
   Will:      It greatly increases your willpower.
 W - the ring "Oclis" {rC+ Str+5 Int+5}
   (You found it on level 3 of the Lair of Beasts)

   [ring of protection from cold]

   Str:       It affects your strength (+5).
   Int:       It affects your intelligence (+5).
   rC:        It protects you from cold.
Wands
 x - a wand of acid (7)
   (You found it on level 1 of the Realm of Zot)
 R - a wand of iceblast (65)
   (You found it on level 1 of the Lair of Beasts)
 U - a wand of digging (1)
   (You found it on level 2 of the Lair of Beasts)
Scrolls
 b - 5 scrolls of immolation {!r}
 k - 6 scrolls of fear
 m - 19 scrolls of identify
 v - 7 scrolls of vulnerability {!r!r}
 w - 11 scrolls of magic mapping {!r}
 y - 10 scrolls of noise {!r}
 E - 2 scrolls of summoning
 F - 14 scrolls of teleportation
 I - 11 scrolls of fog
 K - 7 scrolls of silence
 M - 11 scrolls of enchant armour
 O - 4 scrolls of blinking {!r}
 V - 2 scrolls of holy word {!r}
 Z - 5 scrolls of amnesia
Potions
 d - 7 potions of heal wounds
 h - 2 potions of cancellation
 i - 10 potions of flight
 j - 4 potions of mutation {!q}
 l - 16 potions of curing
 o - 3 potions of lignification {!q}
 p - 5 potions of ambrosia
 r - 7 potions of attraction {!q}
 u - 5 potions of haste
 J - 5 potions of invisibility
 X - 7 potions of might
 Y - 6 potions of brilliance
Miscellaneous
 g - a phantom mirror
   (You found it on level 15 of the Dungeon)
 C - a lightning rod (4/4)
   (You found it on level 9 of a ziggurat)
 G - a condenser vane
   (You found it on level 2 of the Depths)


   Skills:
 + Level 24.3 Fighting
 - Level 12.0 Polearms
 * Level 6.9 Armour
 - Level 11.0 Dodging
 - Level 1.4 Stealth
 - Level 14.0 Shields
 + Level 18.6 Spellcasting
 - Level 15.0 Conjurations
 - Level 15.0 Summonings
 - Level 2.0 Translocations
 - Level 13.0 Transmutations
 - Level 12.3 Air Magic
 + Level 26.0 Earth Magic


You had 4 spell levels left.
You knew the following spells:

 Your Spells              Type           Power      Damage    Failure   Level
a - Spellforged Servitor  Conj/Summ      42%        N/A       1%          7
b - Shatter               Erth           54%        3d41*     1%          9
c - Lehudib's Crystal Sp  Conj/Erth      49%        10d12     1%          8
d - Blink                 Tloc           N/A        N/A       1%          2
e - Chain Lightning       Conj/Air       41%        3d54      78%         9
f - Shadow Creatures      Summ           N/A        N/A       1%          6
g - Statue Form           Tmut/Erth      64%        N/A       1%          6
h - Irradiate             Conj/Tmut      41%        3d27      1%          5
i - Orb of Destruction    Conj           42%        9d14      1%          7

Your spell library contained the following spells:

 Spells                   Type           Power      Damage    Failure   Level
 Beastly Appendage        Tmut           100%       N/A       0%          1
 Magic Dart               Conj           100%       1d8       0%          1
 Sandblast                Erth           100%       2d20      0%          1
 Summon Small Mammal      Summ           100%       N/A       0%          1
 Call Imp                 Summ           85%        N/A       0%          2
 Passwall                 Tmut/Erth      80%        N/A       0%          2
 Searing Ray              Conj           100%       3d7       0%          2
 Static Discharge         Conj/Air       82%        N/A       0%          2
 Wereblood                Tmut           80%        N/A       0%          2
 Call Canine Familiar     Summ           85%        N/A       0%          3
 Stone Arrow              Conj/Erth      100%       3d13      0%          3
 Animate Armour           Summ/Erth      100%       N/A       0%          4
 Petrify                  Tmut/Erth      96%        N/A       0%          4
 Animate Skeleton         Necr           52%        N/A       1%          1
 Apportation              Tloc           76%        N/A       1%          1
 Corona                   Hex            28%        N/A       1%          1
 Foxfire                  Conj/Fire      100%       2x1d9     1%          1
 Freeze                   Ice            100%       1d11      1%          1
 Pain                     Necr           100%       1d9       1%          1
 Sting                    Tmut/Pois      100%       1d8       1%          1
 Corpse Rot               Necr/Air       N/A        N/A       1%          2
 Poisonous Vapours        Pois/Air       100%       N/A       1%          2
 Conjure Flame            Conj/Fire      63%        6-21      1%          3
 Dazzling Flash           Conj/Hex       100%       N/A       1%          3
 Frozen Ramparts          Ice            52%        1d7       1%          3
 Gell's Gravitas          Tloc           19%        N/A       1%          3
 Ignite Poison            Fire/Tmut/Pois 51%        N/A       1%          3
 Inner Flame              Hex/Fire       26%        N/A       1%          3
 Lesser Beckoning         Tloc           19%        N/A       1%          3
 Mephitic Cloud           Conj/Pois/Air  68%        N/A       1%          3
 Spider Form              Tmut/Pois      29%        N/A       1%          3
 Summon Guardian Golem    Hex/Summ       63%        N/A       1%          3
 Teleport Other           Tloc           38%        N/A       1%          3
 Fulminant Prism          Conj/Hex       31%        3d16      1%          4
 Hailstorm                Conj/Ice       63%        3d13      1%          4
 Ice Form                 Ice/Tmut       59%        N/A       1%          4
 Iskenderun's Mystic Bla  Conj/Tloc      66%        2d14      1%          4
 Leda's Liquefaction      Hex/Erth       40%        N/A       1%          4
 Summon Ice Beast         Ice/Summ       63%        N/A       1%          4
 Summon Lightning Spire   Summ/Air       82%        N/A       1%          4
 Ensorcelled Hibernation  Hex/Ice        52%        N/A       2%          2
 Slow                     Hex            26%        N/A       2%          2
 Sublimation of Blood     Necr           13%        N/A       2%          2
 Portal Projectile        Hex/Tloc       64%        N/A       3%          3
 Confusing Touch          Hex            26%        N/A       4%          3
 Ozocubu's Armour         Ice            26%        N/A       4%          3
 Tukima's Dance           Hex            26%        N/A       4%          3
 Vampiric Draining        Necr           13%        2d7       4%          3
 Olgreb's Toxic Radiance  Pois           26%        N/A       4%          4
 Passage of Golubria      Tloc           N/A        N/A       7%          4
 Animate Dead             Necr           13%        N/A       16%         4
 Cause Fear               Hex            13%        N/A       16%         4
 Dispel Undead            Necr           26%        3d13      16%         4
 Lee's Rapid Deconstruct  Erth           54%        3d26*     0%          5
 Blade Hands              Tmut           40%        N/A       1%          5
 Bolt of Magma            Conj/Fire/Erth 41%        4d17      1%          5
 Borgnjor's Vile Clutch   Necr/Erth      40%        N/A       1%          5
 Freezing Cloud           Conj/Ice/Air   34%        6-21      1%          5
 Iskenderun's Battlesphe  Conj           85%        2d13      1%          5
 Lightning Bolt           Conj/Air       41%        1d60      1%          5
 Summon Forest            Summ/Tloc      33%        N/A       1%          5
 Yara's Violent Unravell  Hex/Tmut       29%        3d12      1%          5
 Iron Shot                Conj/Erth      49%        9d9       1%          6
 Summon Hydra             Summ           42%        N/A       2%          7
 Alistair's Intoxication  Tmut/Pois      39%        N/A       3%          5
 Silence                  Hex/Air        29%        N/A       3%          5
 Eringya's Noxious Bog    Tmut/Pois      29%        N/A       4%          6
 Manifold Assault         Tloc           38%        N/A       19%         5
 Agony                    Necr           26%        N/A       41%         5
 Excruciating Wounds      Necr           13%        N/A       41%         5
 Metabolic Englaciation   Hex/Ice        13%        N/A       41%         5
 Dispersal                Tloc           19%        N/A       71%         6
 Death Channel            Necr           13%        N/A       94%         6
 Simulacrum               Ice/Necr       13%        N/A       94%         6
 Ozocubu's Refrigeration  Ice            13%        4d7       95%         7
 Borgnjor's Revivificati  Necr           13%        N/A       100%        8
 Discord                  Hex            13%        N/A       100%        8
 Disjunction              Tloc           19%        N/A       100%        8
 Ignition                 Fire           13%        3d6       100%        8
 Infestation              Necr           13%        N/A       100%        8
 Necromutation            Tmut/Necr      29%        N/A       100%        8
 Death's Door             Necr           13%        N/A       100%        9
 Polar Vortex             Ice            13%        N/A       100%        9


Dungeon Overview and Level Annotations

Branches:
Dungeon (15/15)            Temple (1/1) D:7            Lair (6/6) D:8
 Shoals (4/4) Lair:2        Snake (4/4) Lair:4        Slime (0/5) Lair:6
    Orc (2/2) D:10            Elf (3/3) Orc:2        Vaults (5/5) D:13
  Crypt (0/3) Vaults:3     Depths (5/5) D:15           Hell (visited)
    Zot (5/5) Depths:5     Bailey (visited)         Volcano (visited)
    Dis: Hell:1         Geh: Hell:1         Coc: Hell:1         Tar: Hell:1

Altars:
Ashenzari
Cheibriados
Dithmenos
Elyvilon
Fedhas
Gozag
Kikubaaqudgha
Makhleb
Nemelex Xobeh
Okawaru
Qazlal
Ru
Trog
Uskayaw
Vehumet
Wu Jian
Xom
Yredelemnul
Zin
The Shining One
Beogh
Jiyva

Shops:
D:1 !   D:4 (   D:6 :   D:7 :   D:9 *   D:10 *   Orc:1 *   Orc:2 ([:
Shoals:3 (   Shoals:4 (   Vaults:2 !   Vaults:3 [*(   Vaults:5 !!:   Depths:1 :
Depths:2 (

Portals:
Hell: Depths:1 Depths:2 Depths:3 Depths:4 Depths:5
Abyss: Depths:1 Depths:2 Depths:3 Depths:4
Pandemonium: Depths:1 Depths:3 Depths:5

Annotations:
D:12 Maurice
Elf:2 3 runed translucent doors
Depths:1 1 runed translucent door
Hell Geryon


Innate Abilities, Weirdness & Mutations

You are too large for most types of armour.
You have tough skin. (AC +1)
You have large cloven feet.
You possess an exceptional clarity of mind.
You are dopey. (Int -2)
Your system is resistant to poisons. (rPois)
Your natural rate of healing is unusually fast.
You sometimes lose the ability to read scrolls when taking damage.


Message History

You puncture the hellwing! Your kick misses the hellwing.
Aim: a hellwing (moderately wounded, 82% to hit)
The crystal spear hits the hellwing!!!
You kill the hellwing!
Vehumet accepts your kill.
You feel your power returning.
You now have 41/54 mp.
You can't go up here!
There is a stone staircase leading up here.
You climb upwards.
There is a stone staircase leading down here.
A neqoxec comes into view.
The neqoxec moves out of view.
That's the wrong kind of item! (Use * to select it.)
Okay, then.
A rock wall.
This square is covered in magical glow.
The rock shatters into small pieces.
There is a stone staircase leading up here.
You climb upwards.
There is a stone staircase leading down here.
There is a stone staircase leading up here.
MP restored: 54 You climb upwards.
There is a stone staircase leading down here.
You open the door.
There is an open door here.
You see here a +0 leather armour.
An Ice Fiend comes into view.
Aim: an Ice Fiend (91% to hit)
The crystal spear hits the Ice Fiend!!!
You now have 46/54 mp.
Aim: an Ice Fiend (moderately wounded, 91% to hit)
The crystal spear hits the Ice Fiend!!!
The Ice Fiend gestures at you. The bolt of cold misses you.
You now have 38/54 mp.
Aim: an Ice Fiend (almost dead, 91% to hit)
The crystal spear hits the Ice Fiend!!!
You kill the Ice Fiend!
Vehumet accepts your kill.
You feel your power returning.
Health restored: 310 You now have 33/54 mp.
You see here a +0 flail.
There is a stone staircase leading up here.
You regained 5 mp, and now have 38/54 mp.
You climb upwards.
There is a stone staircase leading down here.
A Brimstone Fiend comes into view.
You regained 8 mp, and now have 47/54 mp.
Aim: a Brimstone Fiend (91% to hit)
The crystal spear hits the Brimstone Fiend!!!!
The Brimstone Fiend gestures at you.
The sphere of damnation explodes!
The damnation engulfs you!!!
You take 47 damage, and have 263/310 hp.
You now have 39/54 mp.
Aim: a Brimstone Fiend (severely wounded, 91% to hit)
The crystal spear hits the Brimstone Fiend!!!
You kill the Brimstone Fiend!
Vehumet accepts your kill.
You regained 3 hp, and now have 266/310 hp.
You now have 32/54 mp.
A Hell Sentinel comes into view.
You regained 18 hp, and now have 284/310 hp.
You regained 2 mp, and now have 34/54 mp.
You regained 3 hp, and now have 287/310 hp.
You regained 3 hp, and now have 290/310 hp.
There is a stone staircase leading up here.
You regained 2 hp, and now have 292/310 hp.
The Hell Sentinel gestures at you.
The sphere of damnation explodes!
The damnation engulfs you!!
You climb upwards.
There is a stone staircase leading down here.
You take 23 damage, and have 269/310 hp.
An Orb Guardian comes into view.
There is a stone staircase leading up here.
You regained 15 hp, and now have 284/310 hp.
You regained 2 mp, and now have 38/54 mp.
You climb upwards.
There is a stone staircase leading down here.
You regained 7 hp, and now have 291/310 hp.
A reaper, a gelid demonspawn, a warmonger and a black sun come into view.
The infernal warmonger is wielding a +0 bardiche of flaming.
The reaper is wielding a +3 vorpal scythe.
Health restored: 310 You regained 8 mp, and now have 47/54 mp.
The gelid demonspawn shouts!
The infernal warmonger moves out of view.
The monstrous black sun moves out of view.
The reaper moves out of view.
A rock wall.
This square is covered in magical glow.
The rock shatters into small pieces.
The monstrous black sun shouts!
A rock wall.
This square is covered in magical glow.
The rock shatters into small pieces.
There is a staircase leading out of the dungeon here.
You can't go down here!
You have escaped!

......# ##.# ##.#.........#
..##### ##.### #.##.)#######
..### ##6...# #.##..# # ....#
##.#...# #.##..# ## ###.#
##.##...# #.....# #.
#.#####.###...############ #.
#...##6#####.#6#P#P#P#P#P#####.
###...## #...#.................
### ###6# ##...#@..PP............
..# #.###....#.................
..# #6..6.#..###P#P#P#P#P#.....
..#####..2###....####.###########
..........6......# #.##.#
#####>...........# ###.#
####.....##26....## ##.#
..#....####....(..## #..#
.....### #...#.....#####.##


You could see a gelid demonspawn (icemail).

Vanquished Creatures
  2 ancient liches
  4 orbs of fire
  2 shard shrikes (Zig:14)
  Saint Roka (Snake:4)
  4 caustic shrikes
  3 curse toes
  3 Killer Klowns
  11 golden dragons
  An electric golem (Zot:2)
  An iron giant (Zig:3)
  A Brimstone Fiend (D:3)
  A hellephant (Zig:9)
  20 Orb Guardians
  An Ice Fiend (D:4)
  15 tentacled monstrosities
  2 liches
  A Hell Sentinel (Zot:5)
  2 deep elf blademasters
  5 titans
  5 deep elf master archers
  7 death cobs
  9 acid blobs
  8 quicksilver dragons
  19 storm dragons
  4 tengu reavers
  8 shadow dragons
  A thorn hunter (Zig:12)
  2 rockslimes (Zig:15)
  A nagaraja (Snake:4)
  4 azure jellies
  5 fire giants
  10 draconian monks
  3 deep elf sorcerers
  3 ghost moths
  10 vault wardens
  13 draconian knights
  A balrug (Zig:1)
  5 frost giants
  An iron dragon (Depths:4)
  10 draconian shifters
  An orc warlord (Zig:8)
  10 draconian scorchers
  10 ironbound preservers
  7 draconian stormcallers
  2 spriggan defenders (Depths:3)
  7 draconian annihilators
  4 war gargoyles
  5 quicksilver oozes
  A caustic shrike skeleton (Zig:14)
  13 stone giants
  5 reapers (Depths:5)
  2 vampire knights
  13 very ugly things
  11 black draconians
  25 purple draconians
  7 deep elf demonologists
  5 dire elephants (Vaults:3)
  6 deep elf annihilators
  9 white draconians
  24 green draconians
  3 apis (Zig:16)
  A black sun (D:13)
  3 entropy weavers
  A bunyip (Zig:12)
  11 yellow draconians
  13 red draconians
  2 eleionomae (Zig:12)
  2 spark wasps (Depths:1)
  5 ettins
  A green death (Zig:12)
  A deep elf death mage (Depths:4)
  2 blizzard demons
  3 crystal guardians
  2 deep elf high priests
  4 great orbs of eyes
  6 fire dragons
  2 merfolk impalers (Shoals:4)
  A salamander tyrant (Snake:2)
  12 yaktaur captains
  5 naga warriors
  5 hydras
  An ice dragon (Depths:2)
  2 ironbound thunderhulks (Vaults:2)
  37 vault guards
  3 peacekeepers
  3 anacondas
  4 ironbound frosthearts
  6 centaur warriors
  2 hell beasts
  A ghost crab (Zig:12)
  2 catoblepae (Zig:9)
  2 spriggan air magi (Depths:5)
  A merfolk aquamancer (Shoals:1)
  A satyr (Shoals:4)
  A two-headed ogre (D:12)
  3 alligators (Zig:12)
  5 deep troll earth magi
  8 dancing weapons
  4 deep troll shamans
  2 vampire magi
  6 spriggan berserkers
  4 ironbound beastmasters (Vaults:3)
  7 naga sharpshooters
  13 hell knights
  2 tengu warriors (Depths:4)
  2 orc high priests
  5 deep elf knights
  6 iron trolls
  2 salamander mystics (Snake:3)
  A sixfirhy (Depths:2)
  39 deep trolls
  4 deep elf archers
  2 glowing orange brains
  A death drake (Zig:12)
  A sea snake (Shoals:4)
  2 skeletal warriors
  3 phantasmal warriors (Vaults:5)
  2 lindwurms
  3 naga ritualists
  7 deep elf zephyrmancers
  5 necromancers
  5 wizards
  9 ironbound convokers
  A harpy (Shoals:1)
  A harpy (shapeshifter) (Elf:1)
  9 deep elf pyromancers
  An oklob plant (Zig:9)
  A wolf spider (shapeshifter) (Zig:2)
  A shadow dragon skeleton (Zig:14)
  A stone giant zombie (Zig:5)
  An orc sorcerer (Zig:8)
  A tengu skeleton (Zig:14)
  19 ugly things
  A manticore (Shoals:1)
  A wolf spider (Zig:4)
  A mana viper (shapeshifter) (Vaults:5)
  7 salamanders
  An elephant (Lair:6)
  2 sphinx skeletons (Zig:14)
  A frost giant skeleton (Zig:14)
  A stone giant skeleton (Zig:5)
  23 moths of wrath
  2 fire giant skeletons
  4 guardian serpents
  A merfolk siren (Lair:2)
  A smoke demon (D:13)
  11 vault sentinels
  9 black mambas
  6 naga magi
  4 cane toads
  2 eyes of devastation
  25 yaktaurs
  2 rime drakes
  A komodo dragon (Zig:9)
  4 ice devils
  6 freezing wraiths
  3 tormentors
  2 hellwings
  A demonic crawler (Zig:4)
  A jumping spider (shapeshifter) (D:12)
  4 guardian mummies (Depths:5)
  A tyrant leech (Lair:6)
  A bloated husk (Zig:12)
  A jumping spider (Vaults:4)
  2 polar bears
  26 slime creatures
  2 merfolk (Shoals:1)
  A troll (shapeshifter) (Vaults:5)
  3 hornets
  5 blink frogs
  A snapping turtle (Shoals:4)
  6 redbacks
  6 water elementals
  A flying skull (Zig:14)
  An air elemental (Elf:3)
  4 tarantellas
  8 yaks
  3 spriggans
  3 wraiths
  A basilisk (Zig:9)
  4 golden eyes (Zig:15)
  3 fire elementals
  2 humans (shapeshifter)
  2 steam dragons
  18 nagas
  7 water moccasins
  A floating eye (Zig:10)
  4 orc warriors
  3 ice beasts
  A swamp drake (Zig:12)
  A necrophage (Zig:1)
  2 ogres (Zig:8)
  4 wolves
  A boggart (shapeshifter) (Vaults:5)
  A kobold brigand (D:8)
  8 bullfrogs
  An earth elemental (Elf:1)
  A spectral ogre (Orc:1)
  An electric eel (Lair:6)
  A howler monkey (D:10)
  A bullfrog zombie (D:6)
  A lava snake (Snake:2)
  An orc priest (D:8)
  3 jellies
  A bullfrog skeleton (D:6)
  A centaur skeleton (D:6)
  2 iguanas
  5 orc wizards
  4 bullfrog simulacra (D:5)
  A killer bee simulacrum (D:5)
  5 mummies
  A howler monkey zombie (D:8)
  A gnoll (Zig:8)
  An ogre simulacrum (Orc:1)
  3 adders
  6 white imps
  A worm (D:4)
  2 dart slugs
  The ghost of Ge0ff the Sneak, a weakling SpDe of Wu Jian (D:5)
  12 orcs
  5 ball pythons
  A bat (shapeshifter) (Vaults:5)
  3 bats (D:2)
  4 endoplasms
  3 giant cockroaches
  2 goblins
  2 hobgoblins
  2 jackals (D:1)
  A quokka (D:5)
  4 frilled lizards
  5 kobolds
  5 rats
1075 creatures vanquished.

Vanquished Creatures (collateral kills)
  A dread lich (Depths:2)
  An ancient lich (Depths:4)
  4 orbs of fire
  3 juggernauts
  The ghost of Gamelir the Formicid Arbalest, a legendary FoAM of Hepliaklqana (Zot:2)
  4 Killer Klowns
  Bai Suzhen (Snake:3)
  Vashnia (Snake:3)
  7 golden dragons
  3 caustic shrikes
  Jory (Depths:5)
  3 bone dragons
  A Tzitzimitl (Zot:4)
  A Brimstone Fiend (Depths:3)
  5 electric golems
  Rupert (D:15)
  6 Orb Guardians
  5 tentacled monstrosities
  Asterion (Snake:3)
  A lich (Vaults:5)
  2 deep elf master archers (Elf:3)
  3 deep elf blademasters
  A titan (Vaults:5)
  A quicksilver dragon (Zot:4)
  2 Executioners (Depths:3)
  Frances (D:13)
  2 sphinxes
  Roxanne (D:15)
  Kirke (D:12)
  4 tengu reavers
  4 shadow dragons
  7 nagarajas
  3 storm dragons
  6 fire giants
  8 frost giants
  A fenstrider witch (Shoals:4)
  An iron dragon (Elf:1)
  An orc warlord (Bailey)
  5 deep elf sorcerers (Elf:3)
  A draconian shifter (Zot:3)
  Louise (Depths:1)
  The ghost of rigao the Gelid, an adept DEIE of Vehumet (Snake:2)
  4 vault wardens
  A cacodemon (Depths:3)
  Aizul (Snake:1)
  3 deep elf elementalists (Elf:3)
  5 ironbound preservers
  The ghost of Dex Urea the Fighter, a journeyman DsBe of Trog (Depths:1)
  8 stone giants
  10 very ugly things
  2 vampire knights
  2 green draconians
  3 deep elf demonologists
  6 black draconians
  An entropy weaver (Vaults:3)
  A white draconian (Zot:5)
  9 deep elf annihilators
  2 black suns (D:13)
  5 purple draconians
  3 spark wasps
  Nessos (Orc:2)
  3 red draconians
  A spark wasp (shapeshifter) (Depths:4)
  Snorg (Orc:2)
  2 merfolk javelineers (Shoals:4)
  3 ettins
  7 deep elf death magi
  2 blizzard demons
  A green death (Depths:3)
  A crystal guardian (Vaults:4)
  The ghost of funkygono the Stormcaller, a journeyman TeAE of Vehumet (Lair:4)
  5 fire dragons
  6 merfolk impalers (Shoals:4)
  3 deep elf high priests
  4 yaktaur captains
  9 hydras
  20 naga warriors
  A salamander tyrant (Snake:3)
  4 boulder beetles
  4 great orbs of eyes
  7 ice dragons
  A hell beast (Depths:2)
  A peacekeeper (Vaults:4)
  A juggernaut simulacrum (Depths:1)
  8 ironbound frosthearts
  2 catoblepae
  8 anacondas
  6 two-headed ogres
  3 ironbound thunderhulks
  4 ogre magi
  A spriggan air mage (Depths:2)
  A death knight (D:14)
  2 satyrs (Shoals:4)
  A centaur warrior (D:15)
  A merfolk aquamancer (Shoals:4)
  The ghost of Brandom the Zephyrmancer, a journeyman TeAE of Fedhas (Orc:1)
  4 tengu warriors
  13 dancing weapons
  7 deep troll earth magi
  4 deep troll shamans
  9 death yaks
  2 ironbound beastmasters
  3 spriggan berserkers
  18 naga sharpshooters
  5 deep elf knights
  6 shock serpents
  4 vampire magi
  A sun demon (D:10)
  32 hell knights
  Sonja (D:12)
  7 skeletal warriors
  7 iron trolls
  7 salamander mystics
  10 deep trolls
  A storm dragon skeleton (Zig:14)
  5 sea snakes
  An orange crystal statue (Depths:1)
  A swamp dragon (Lair:6)
  5 flayed ghosts
  5 ironbound convokers
  10 mana vipers
  8 naga ritualists
  8 deep elf archers
  An orc knight (Bailey)
  2 golden dragon skeletons (Zig:14)
  2 phantasmal warriors (Vaults:5)
  A wizard (Vaults:1)
  9 lindwurms
  20 deep elf zephyrmancers
  3 necromancers
  A tengu zombie (D:15)
  12 harpies
  15 deep elf pyromancers
  9 orc sorcerers (Orc:2)
  39 ugly things
  3 cyclopes
  2 moths of wrath
  41 salamanders
  4 fauns (Shoals:4)
  A tengu skeleton (Zig:14)
  A cyclops (shapeshifter) (Elf:2)
  10 manticores
  A frost giant skeleton (D:15)
  8 guardian serpents
  2 merfolk sirens
  2 stone giant zombies (D:15)
  2 elephants (Lair:6)
  6 vault sentinels
  22 cane toads
  17 naga magi
  A smoke demon (Volcano)
  26 black mambas
  Maggie (Lair:2)
  4 rime drakes
  2 freezing wraiths
  8 komodo dragons
  An unseen horror (D:12)
  4 yaktaurs
  2 tengu conjurers
  2 ice devils (Lair:2)
  13 merfolk
  A jumping spider (shapeshifter) (Elf:1)
  A guardian mummy (D:15)
  7 trolls
  A wind drake (Shoals:4)
  3 polar bears (Lair:2)
  A hornet (Depths:3)
  19 slime creatures
  3 dream sheep (Shoals:4)
  25 blink frogs
  3 tyrant leeches (Lair:6)
  9 snapping turtles
  2 air elementals (Elf:3)
  A wraith (D:14)
  2 centaur simulacra (D:14)
  37 yaks
  A redback (Vaults:2)
  A yak (shapeshifter) (D:15)
  A vampire (D:9)
  A spriggan (Depths:3)
  4 wyverns
  2 basilisks
  9 water elementals
  2 humans (Depths:3)
  A golden eye (shapeshifter) (Elf:1)
  A hog (shapeshifter) (D:15)
  2 hogs (D:12)
  5 steam dragons
  20 vampire mosquitoes
  3 fire bats (Orc:2)
  2 fire elementals
  5 wargs
  52 nagas
  An acid dragon (D:13)
  15 water moccasins
  A swamp drake (D:8)
  2 sky beasts
  17 orc warriors
  An ice beast (D:7)
  A necrophage (D:4)
  3 ogres
  10 wolves
  6 centaurs
  An ogre (shapeshifter) (D:15)
  Blork the orc (D:4)
  3 scorpions
  14 bullfrogs
  4 earth elementals
  A water moccasin zombie (D:7)
  2 orc simulacra (Orc:1)
  2 spectral ogres (Orc:1)
  6 killer bees (D:10)
  6 nameless horrors
  4 wights (D:9)
  4 howler monkeys
  An electric eel (Snake:1)
  2 lava snakes (Snake:2)
  A centaur zombie (D:9)
  A hound (D:5)
  A centaur skeleton (D:7)
  Crazy Yiuf (D:5)
  9 orc priests
  5 jellies
  2 iguanas
  28 orc wizards
  A spectral orc (Orc:1)
  A troll simulacrum (Orc:1)
  7 gnolls
  7 adders
  A white imp (D:6)
  2 ufetubi
  3 adder skeletons
  A worm (D:3)
  A dart slug (D:3)
  53 orcs
  A bat (D:2)
  An endoplasm (D:2)
  A giant cockroach (D:2)
  2 goblins
  5 hobgoblins
  A quokka (D:4)
  3 ball pythons (D:2)
  A frilled lizard (D:2)
  17 kobolds
  2 rats
1280 creatures vanquished.

Vanquished Creatures (others)
  A fire giant (Depths:2)
  A deep elf demonologist (Depths:3)
  A red draconian (Zot:3)
  A black draconian (Zot:3)
  A deep elf high priest (Elf:1)
  A salamander tyrant (Snake:4)
  An ice dragon (Depths:4)
  A deep troll (Vaults:1)
  A deep elf zephyrmancer (Elf:1)
  A wizard (Depths:1)
  A will-o-the-wisp (Zig:12)
  A black mamba (Snake:2)
  A blink frog (Lair:6)
  5 humans
  2 howler monkeys (D:12)
  2 orc wizards (Orc:2)
  4 ball lightnings (Snake:2)
  2 bushes
  51 fungi
  160 plants
  9 withered plants (D:15)
248 creatures vanquished.

Grand Total: 2603 creatures vanquished

Notes
Turn   | Place    | Note
-------+----------+-------------------------------------------
     0 | D:1      | totalnoob the Ogre Hedge Wizard began the quest for the
                  | Orb.
     0 | D:1      | Reached XP level 1. HP: 16/16 MP: 5/5
    96 | D:1      | Reached skill level 1 in Conjurations
    96 | D:1      | Reached skill level 1 in Summonings
   315 | D:1      | Reached XP level 2. HP: 14/24 MP: 0/6
   471 | D:1      | Found a faded altar of an unknown god.
   629 | D:1      | Found Merghiff's Distillery.
   815 | D:1      | Learned a level 2 spell: Call Imp
  1003 | D:2      | Reached skill level 4 in Spellcasting
  1026 | D:2      | Reached XP level 3. HP: 25/31 MP: 3/8
  1118 | D:2      | Reached skill level 2 in Summonings
  1770 | D:2      | Reached XP level 4. HP: 39/39 MP: 10/10
  2162 | D:3      | Reached skill level 3 in Summonings
  2605 | D:3      | Found a sacrificial altar of Ru.
  2749 | D:3      | HP: 9/39 [poisoned by an adder]
  3256 | D:3      | Found a broken altar of Ashenzari.
  3260 | D:3      | Saw a vision of the Shoals and the Snake Pit.
  3260 | D:3      | Noticed a merfolk siren
  3260 | D:3      | Noticed a naga
  3260 | D:3      | Noticed a merfolk siren
  3260 | D:3      | Noticed a merfolk
  3260 | D:3      | Noticed a naga sharpshooter
  3260 | D:3      | Noticed a mana viper
  3260 | D:3      | Noticed a naga
  3260 | D:3      | Noticed a merfolk
  3260 | D:3      | Noticed a merfolk
  3260 | D:3      | Noticed a black mamba
  3260 | D:3      | Noticed a black mamba
  3261 | D:3      | Noticed a black mamba
  3262 | D:3      | Noticed a merfolk
  3263 | D:3      | Noticed a naga sharpshooter
  3264 | D:3      | Noticed a naga mage
  3501 | D:4      | Learned a level 3 spell: Call Canine Familiar
  3504 | D:4      | Learned a level 2 spell: Blink
  3562 | D:4      | Noticed a necrophage
  3578 | D:4      | Killed a necrophage
  3579 | D:4      | Reached skill level 4 in Summonings
  3579 | D:4      | Reached XP level 5. HP: 40/45 MP: 7/11
  3756 | D:4      | Noticed Blork the orc
  3789 | D:4      | Killed Blork the orc
  3982 | D:4      | Found Gyameh's Weapon Boutique.
  4398 | D:4      | Reached XP level 6. HP: 49/53 MP: 2/12
  4405 | D:4      | Reached skill level 5 in Summonings
  4681 | D:4      | Found a blossoming altar of Fedhas.
  4730 | D:4      | Found a glowing silver altar of Zin.
  4886 | D:5      | Entered Level 5 of the Dungeon
  5128 | D:5      | Found a runed translucent gate.
  5301 | D:5      | Noticed Ge0ff's ghost (weakling SpDe)
  5301 | D:5      | Noticed an ice beast
  5420 | D:5      | Found a runed translucent gate.
  5420 | D:5      | Found a runed translucent gate.
  5786 | D:5      | Found a runed translucent door.
  5787 | D:5      | Noticed Crazy Yiuf
  5797 | D:5      | Killed Crazy Yiuf
  5822 | D:5      | Learned a level 4 spell: Summon Lightning Spire
  5999 | D:6      | Found Sotaecar's Self-Improvement Boutique.
  6091 | D:6      | Noticed a steam dragon
  6397 | D:6      | Reached skill level 1 in Air Magic
  6404 | D:6      | HP: 13/53 [steam dragon/ball of steam (17)]
  6404 | D:6      | HP: 6/53 [steam dragon (7)]
  6422 | D:6      | Killed a steam dragon
  6423 | D:6      | Reached XP level 7. HP: 11/59 MP: 7/13
  6771 | D:6      | Reached skill level 6 in Summonings
  6788 | D:6      | Reached skill level 2 in Air Magic
  6829 | D:6      | Found an ancient bone altar of Kikubaaqudgha.
  6830 | D:6      | Noticed a human
  6832 | D:6      | Killed a human
  6953 | D:6      | Identified the +0 pair of boots "Zeamuff" {rN+}
  7509 | D:6      | Reached skill level 3 in Air Magic
  8086 | D:7      | Found a staircase to the Ecumenical Temple.
  8096 | Temple   | Entered the Ecumenical Temple
  8193 | Temple   | Became a worshipper of Vehumet
  8265 | D:7      | Reached XP level 8. HP: 67/67 MP: 14/14
  8517 | D:7      | Found a basalt altar of Yredelemnul.
  8694 | D:7      | Found Wodov's Book Emporium.
  8752 | D:7      | Reached skill level 7 in Summonings
  8752 | D:7      | Reached skill level 4 in Air Magic
  9617 | D:8      | Reached skill level 5 in Air Magic
  9621 | D:8      | Reached skill level 5 in Spellcasting
  9748 | D:8      | Noticed a wyvern
  9755 | D:8      | Noticed a komodo dragon
  9756 | D:8      | Killed a wyvern
  9757 | D:8      | Reached XP level 9. HP: 60/74 MP: 16/16
  9759 | D:8      | HP: 8/74 [komodo dragon (19)]
  9761 | D:8      | Killed a komodo dragon
  9762 | D:8      | Reached skill level 8 in Summonings
 10069 | D:8      | Found a staircase to the Lair.
 10081 | D:8      | Noticed a komodo dragon
 10113 | D:8      | Killed a komodo dragon
 10114 | D:8      | Reached skill level 1 in Fighting
 10674 | D:8      | Found a shimmering altar of Xom.
 10847 | D:9      | Reached * piety under Vehumet
 10847 | D:9      | Offered knowledge of Shock by Vehumet.
 10915 | D:9      | HP: 18/76 [something (7)]
 11502 | D:9      | Found Geut Qux's Serpentskin Sales.
 11508 | D:9      | Reached skill level 2 in Fighting
 11508 | D:9      | Reached skill level 6 in Spellcasting
 11972 | D:9      | Noticed a troll
 11982 | D:9      | Killed a troll
 11983 | D:9      | Reached skill level 3 in Fighting
 11983 | D:9      | Reached skill level 6 in Air Magic
 12015 | D:9      | Found an ornate altar of the Wu Jian Council.
 12368 | D:10     | Entered Level 10 of the Dungeon
 12368 | D:10     | Found a staircase to the Orcish Mines.
 12389 | D:10     | Reached skill level 4 in Fighting
 12419 | D:10     | Reached skill level 7 in Spellcasting
 12420 | D:10     | HP: 21/85 [vampire mosquito (6)]
 12424 | D:10     | Reached XP level 10. HP: 24/94 MP: 3/20
 12781 | D:10     | Found an opulent altar of Gozag.
 12884 | D:10     | Found a glowing golden altar of the Shining One.
 12902 | D:10     | Found a flagged portal.
 12950 | D:10     | Reached skill level 5 in Fighting
 13022 | Bailey   | Entered a bailey
 13042 | Bailey   | Noticed an orc warlord
 13124 | Bailey   | Reached skill level 1 in Translocations
 13132 | Bailey   | Reached ** piety under Vehumet
 13132 | Bailey   | Offered knowledge of Foxfire by Vehumet.
 13423 | Bailey   | Reached skill level 9 in Summonings
 13445 | Bailey   | Found a runed translucent gate.
 13448 | Bailey   | Found a runed translucent gate.
 13450 | Bailey   | Found a runed translucent gate.
 13456 | Bailey   | Noticed an orc knight
 13479 | Bailey   | Killed an orc knight
 13995 | Bailey   | Killed an orc warlord
 14327 | D:10     | Found Oggar's Demolitions Depot.
 14358 | D:10     | Found a white marble altar of Elyvilon.
 14587 | D:10     | Found a burning altar of Makhleb.
 14602 | D:10     | Found a shadowy altar of Dithmenos.
 14855 | Lair:1   | Entered Level 1 of the Lair of Beasts
 14915 | Lair:1   | Noticed a four-headed hydra
 14940 | Lair:1   | Killed a four-headed hydra
 14941 | Lair:1   | Reached skill level 6 in Fighting
 14941 | Lair:1   | Reached skill level 2 in Translocations
 14941 | Lair:1   | Reached skill level 7 in Air Magic
 15329 | Lair:1   | You fall into a shaft and drop 1 floor!
 15329 | Lair:2   | Noticed a cane toad
 15338 | Lair:2   | Killed a cane toad
 15382 | Lair:2   | Identified a scroll of acquirement
 15383 | Lair:2   | Acquired 900 gold pieces
 15463 | Lair:2   | Noticed a boulder beetle
 15484 | Lair:2   | Killed a boulder beetle
 15485 | Lair:2   | Reached skill level 8 in Spellcasting
 15534 | Lair:2   | Noticed Maggie
 15554 | Lair:2   | Killed Maggie
 15611 | Lair:2   | Identified the Incunabulum of the Enchanting Entourage
 15634 | Lair:2   | Learned a level 6 spell: Shadow Creatures
 15654 | Lair:2   | Reached skill level 10 in Summonings
 15662 | Lair:2   | Reached skill level 7 in Fighting
 15711 | Lair:2   | Reached XP level 11. HP: 83/109 MP: 21/23
 15754 | Lair:1   | Offered knowledge of Dazzling Flash by Vehumet.
 15919 | D:6      | Bought a manual of Spellcasting for 1435 gold pieces
 16762 | Lair:2   | Reached *** piety under Vehumet
 16903 | Lair:2   | Reached skill level 9 in Spellcasting
 17130 | Lair:2   | Noticed a four-headed hydra
 17140 | Lair:2   | Killed a four-headed hydra
 17281 | Lair:2   | Found a staircase to the Shoals.
 17297 | Lair:2   | Reached skill level 8 in Fighting
 17335 | Lair:2   | Reached skill level 8 in Air Magic
 17712 | Lair:3   | Identified the ring "Oclis" {rC+ Str+5 Int+5}
 17788 | Lair:3   | Offered knowledge of Airstrike by Vehumet.
 17835 | Lair:3   | Reached skill level 11 in Summonings
 17912 | Lair:3   | Noticed a death yak
 17913 | Lair:3   | Noticed a death yak
 17917 | Lair:3   | Noticed a death yak
 17920 | Lair:3   | Killed a death yak
 17921 | Lair:3   | Reached skill level 10 in Spellcasting
 17926 | Lair:3   | Killed a death yak
 17931 | Lair:3   | Killed a death yak
 18627 | Lair:3   | Reached skill level 9 in Fighting
 18703 | Lair:3   | Noticed a catoblepas
 18722 | Lair:3   | Killed a catoblepas
 18722 | Lair:3   | Reached **** piety under Vehumet
 18836 | Lair:3   | Reached XP level 12. HP: 123/123 MP: 26/26
 19063 | Lair:4   | Identified the +5 flail "Dell" {speed, +Blink rPois Str-4
                  | SInv}
 19072 | Lair:4   | Offered knowledge of Ignite Poison by Vehumet.
 19076 | Lair:4   | Reached skill level 11 in Spellcasting
 19277 | Lair:4   | Found a staircase to the Snake Pit.
 19411 | Lair:4   | Reached skill level 12 in Summonings
 19415 | Lair:4   | HP: 30/126 [black mamba (7)]
 19420 | Lair:4   | Reached skill level 10 in Fighting
 19420 | Lair:4   | HP: 24/126 [poisoned by a black mamba]
 19425 | Lair:4   | HP: 26/126 [poisoned by a black mamba]
 19679 | Lair:4   | Found a runed translucent gate.
 19680 | Lair:4   | Found a runed translucent gate.
 19681 | Lair:4   | Found a runed translucent gate.
 19683 | Lair:4   | Found a viscous altar of Jiyva.
 19683 | Lair:4   | Noticed funkygono's ghost (journeyman TeAE)
 20481 | Lair:5   | Noticed a death yak
 20481 | Lair:5   | Noticed a death yak
 20483 | Lair:5   | Noticed a death yak
 20483 | Lair:5   | Noticed a death yak
 20487 | Lair:5   | Noticed a death yak
 20488 | Lair:5   | Noticed a death yak
 20696 | Lair:5   | Reached ***** piety under Vehumet
 20713 | Lair:4   | Reached skill level 12 in Spellcasting
 20766 | Lair:4   | Killed a death yak
 20772 | Lair:4   | Killed a death yak
 20925 | Lair:5   | Killed a death yak
 20925 | Lair:5   | Offered knowledge of Sticky Flame by Vehumet.
 20943 | Lair:4   | Killed a death yak
 21111 | Lair:4   | Killed a death yak
 21830 | Lair:6   | Entered Level 6 of the Lair of Beasts
 22015 | Lair:5   | Killed a death yak
 22161 | Lair:6   | Noticed a seven-headed hydra
 22163 | Lair:6   | Reached skill level 11 in Fighting
 22498 | Lair:6   | Reached skill level 13 in Summonings
 22583 | Lair:6   | Noticed an eight-headed hydra
 22593 | Lair:6   | Killed an eight-headed hydra
 22594 | Lair:6   | Reached skill level 13 in Spellcasting
 22594 | Lair:6   | Reached XP level 13. HP: 137/137 MP: 19/30
 22853 | Lair:6   | Reached skill level 2 in Dodging
 23587 | Lair:6   | Found a viscous altar of Jiyva.
 23587 | Lair:6   | Found a staircase to the Slime Pits.
 23639 | Lair:6   | Reached skill level 3 in Dodging
 23712 | Lair:6   | Reached skill level 12 in Fighting
 24192 | Lair:4   | HP: 32/140 [funkygono's ghost/bolt of lightning (38)]
 24522 | Lair:4   | Identified the ring "Wuchet" {rC- Str+5 Int+6 Slay+3}
 24591 | Lair:4   | Killed funkygono's ghost
 24592 | Lair:4   | Reached skill level 14 in Spellcasting
 24836 | Orc:1    | Entered Level 1 of the Orcish Mines
 24839 | D:10     | Upgraded the game from 0.27-a0-1347-gd8886f0a89 to
                  | 0.27-a0-1359-ga2a4dfd6fd
 25032 | Orc:1    | Found Xamois's General Store.
 25044 | Orc:1    | Found a runed translucent gate.
 25044 | Orc:1    | Found a runed translucent gate.
 25045 | Orc:1    | Found a runed translucent gate.
 25067 | Orc:1    | Offered knowledge of Lee's Rapid Deconstruction by Vehumet.
 25311 | Orc:1    | Noticed Brandom's ghost (journeyman TeAE)
 25337 | Orc:1    | Killed Brandom's ghost
 25553 | Orc:2    | Entered Level 2 of the Orcish Mines
 25789 | Orc:2    | Found a staircase to the Elven Halls.
 25858 | Orc:2    | Noticed Nessos
 25872 | Orc:2    | Killed Nessos
 25873 | Orc:2    | Reached skill level 2 in Conjurations
 25909 | Orc:2    | Found a dark tunnel.
 25993 | Volcano  | Entered a volcano
 26310 | Volcano  | Noticed a fire dragon
 26315 | Volcano  | Killed a fire dragon
 26316 | Volcano  | Reached skill level 14 in Summonings
 27049 | Orc:2    | Found a radiant altar of Vehumet.
 27050 | Orc:2    | Noticed Snorg
 27074 | Orc:2    | Killed Snorg
 27075 | Orc:2    | Reached skill level 3 in Conjurations
 27088 | Orc:2    | Found Nirphuf's Antique Weapon Emporium.
 27333 | Orc:2    | Found Vijud's Distillery.
 27340 | Orc:2    | Reached skill level 4 in Dodging
 27360 | Orc:2    | Found an ancient bone altar of Kikubaaqudgha.
 27397 | Orc:2    | Found Vaok's Book Shoppe.
 27461 | Orc:2    | Reached XP level 14. HP: 107/150 MP: 17/32
 27527 | Orc:2    | Found Woad's Antique Armour Shoppe.
 27720 | Elf:1    | Entered Level 1 of the Elven Halls
 28067 | D:11     | Offered knowledge of Freezing Cloud by Vehumet.
 28178 | D:11     | Learned a level 7 spell: Spellforged Servitor
 28461 | D:12     | Noticed Kirke
 28465 | D:12     | Killed Kirke
 28475 | D:12     | Reached skill level 4 in Conjurations
 28788 | D:12     | Noticed Sonja
 28797 | D:12     | Killed Sonja
 29157 | D:12     | Noticed Maurice
 29335 | D:12     | Found a portal to a secret trove of treasure.
 29586 | D:13     | Found a gate to the Vaults.
 29978 | D:13     | Noticed Frances
 30301 | D:13     | Killed Frances
 31006 | D:12     | You paid a toll of 6 scrolls of fog to enter a treasure
                  | trove
 31007 | Trove    | Entered a treasure trove
 31022 | Trove    | Identified the +0 tower shield "Rysozxiu" {rElec rN+ MP-9
                  | Str+2}
 31025 | Trove    | Identified the +2 cloak of Moloxocw {rN+ Regen+}
 31209 | D:6      | Bought a manual of Shields for 1435 gold pieces
 31693 | D:14     | Learned a level 5 spell: Bolt of Magma
 31749 | D:14     | Found a sparkling altar of Nemelex Xobeh.
 31801 | D:14     | Reached skill level 5 in Conjurations
 31841 | D:14     | Reached skill level 13 in Fighting
 31852 | D:14     | Reached skill level 1 in Shields
 31852 | D:14     | Reached skill level 15 in Spellcasting
 32086 | D:14     | Reached skill level 2 in Shields
 32091 | D:14     | Reached skill level 5 in Dodging
 32217 | D:14     | Found a stormy altar of Qazlal.
 32442 | D:14     | Identified the +10 flail of Absolution {vamp, rN+}
 32454 | D:14     | Acquired 831 gold pieces
 32527 | D:14     | Reached skill level 3 in Shields
 32985 | D:15     | Entered Level 15 of the Dungeon
 33113 | D:15     | Found a gate leading to a gauntlet.
 33139 | D:15     | Reached skill level 4 in Shields
 33157 | D:15     | Noticed Rupert
 33173 | D:15     | Killed Rupert
 33214 | D:15     | Offered knowledge of Conjure Ball Lightning by Vehumet.
 33217 | D:15     | Reached skill level 6 in Conjurations
 33231 | D:15     | Found a staircase to the Depths.
 33405 | D:15     | Identified Roxanne's Incunabulum of the Mountains
 33405 | D:15     | Noticed Roxanne
 33462 | D:15     | Reached skill level 5 in Shields
 33496 | D:15     | Reached XP level 15. HP: 130/159 MP: 10/34
 33619 | D:15     | Found an iron altar of Okawaru.
 34075 | D:15     | Killed Roxanne
 34090 | D:15     | Learned a level 6 spell: Statue Form
 34195 | Depths:1 | Entered Level 1 of the Depths
 34195 | Depths:1 | Noticed a fire giant
 34204 | D:15     | Killed a fire giant
 34510 | Snake:1  | Entered Level 1 of the Snake Pit
 34717 | Snake:1  | Reached skill level 1 in Earth Magic
 35177 | Snake:1  | Reached skill level 6 in Shields
 35199 | Snake:1  | Reached skill level 1 in Transmutations
 35384 | Snake:1  | Noticed Aizul
 35394 | Snake:1  | Reached skill level 15 in Summonings
 35469 | Snake:1  | Killed Aizul
 35470 | Snake:1  | Reached skill level 2 in Earth Magic
 35895 | Snake:1  | Reached skill level 5 in Earth Magic
 35895 | Snake:1  | Reached XP level 16. HP: 169/169 MP: 35/35
 36085 | Snake:1  | Offered knowledge of Irradiate by Vehumet.
 36092 | Snake:1  | Learned a level 5 spell: Irradiate
 36332 | D:7      | Bought a manual of Fighting for 1324 gold pieces
 37042 | Snake:2  | HP: 38/169 [anaconda (8)]
 37047 | Snake:1  | HP: 35/169 [poisoned by a naga ritualist (toxic radiance)]
 37515 | Elf:1    | Reached skill level 2 in Transmutations
 37516 | Elf:1    | Reached skill level 6 in Dodging
 37519 | Elf:1    | Reached skill level 7 in Shields
 37635 | Elf:1    | Reached skill level 6 in Earth Magic
 38559 | Elf:1    | Reached skill level 3 in Transmutations
 38761 | Elf:1    | Reached skill level 16 in Spellcasting
 38833 | Elf:1    | Reached skill level 7 in Conjurations
 38931 | Elf:1    | Found a runed translucent gate.
 38931 | Elf:1    | Found a runed translucent gate.
 38931 | Elf:1    | Found a runed translucent gate.
 38931 | Elf:1    | Found a runed translucent gate.
 38931 | Elf:1    | Found a runed translucent gate.
 38932 | Elf:1    | Found a runed translucent gate.
 38932 | Elf:1    | Noticed a storm dragon
 38962 | Elf:1    | Reached skill level 8 in Shields
 39031 | Elf:1    | Killed a storm dragon
 39496 | Elf:2    | Found a runed translucent gate.
 39497 | Elf:2    | Found a runed translucent gate.
 39504 | Elf:2    | Found a runed translucent gate.
 39594 | Elf:2    | Reached skill level 4 in Transmutations
 39618 | Elf:2    | HP: 39/169 [+3 dagger (4)]
 39623 | Elf:1    | HP: 31/169 [+3 dagger (1)]
 39625 | Elf:1    | HP: 13/169 [+3 dagger (7)]
 39947 | Elf:2    | Found an ancient bone altar of Kikubaaqudgha.
 40089 | Elf:2    | Identified the +1 leather armour of Hopscotch {Slay+2}
 40201 | Elf:3    | Entered Level 3 of the Elven Halls
 40206 | Elf:3    | Reached skill level 7 in Earth Magic
 40206 | Elf:3    | Paralysed by an air elemental for 1 turns
 40277 | Elf:3    | Acquired a +5 spectral giant club
 40409 | Elf:3    | Paralysed by an air elemental for 1 turns
 40608 | Elf:3    | Reached skill level 9 in Shields
 40722 | Elf:3    | Offered knowledge of Lightning Bolt by Vehumet.
 40811 | Elf:3    | Learned a level 7 spell: Orb of Destruction
 40887 | Elf:3    | Reached XP level 17. HP: 176/176 MP: 30/37
 41294 | Elf:3    | Noticed a deep elf master archer
 41295 | Elf:3    | Noticed a deep elf blademaster
 41313 | Elf:3    | Killed a deep elf blademaster
 41316 | Elf:3    | Killed a deep elf master archer
 41317 | Elf:3    | Reached skill level 5 in Transmutations
 41463 | Elf:3    | Paralysed by an air elemental for 1 turns
 41478 | Elf:3    | Noticed a deep elf blademaster
 41492 | Elf:3    | HP: 40/176 [deep elf blademaster (12)]
 41494 | Elf:2    | HP: 15/176 [deep elf blademaster (11)]
 41494 | Elf:2    | HP: 4/176 [deep elf blademaster (11)]
 41497 | Elf:2    | Killed a deep elf blademaster
 41499 | Elf:2    | HP: 35/176 [poisoned by a deep elf annihilator (poison
                  | arrow)]
 41717 | Elf:3    | Reached skill level 7 in Dodging
 41727 | Elf:3    | Reached skill level 8 in Earth Magic
 41874 | Elf:3    | Noticed a deep elf blademaster
 41874 | Elf:3    | Noticed a deep elf master archer
 42004 | Elf:3    | Killed a deep elf master archer
 42036 | Elf:3    | Killed a deep elf blademaster
 42183 | Elf:3    | Noticed a deep elf master archer
 42414 | Elf:3    | Reached skill level 8 in Conjurations
 42414 | Elf:3    | Identified the ring "Kyrcho" {rPois Will+ rCorr}
 42524 | Elf:3    | Killed a deep elf master archer
 42566 | Elf:3    | Noticed a Brimstone Fiend
 42571 | Elf:3    | Noticed a deep elf blademaster
 42916 | Elf:3    | Killed a deep elf blademaster
 42917 | Elf:3    | Reached skill level 9 in Earth Magic
 43043 | Elf:3    | Identified the +9 executioner's axe of the Tomato {drain,
                  | rPois Str+4}
 43188 | Elf:3    | Identified the +8 flail "Ixkeonn" {vorpal, rF+}
 43236 | Elf:3    | Got Sif Muna's Catalogue of Enchantment and Displacement
 43237 | Elf:3    | Identified the +5 whip "Jufoareu" {flame, rC+++ rN+ Will+
                  | Int-2}
 43239 | Elf:3    | Identified the +5 shortbow "Coigymn" {freeze, Dex+3}
 43294 | Elf:3    | Identified the +4 scale mail "Rahidueq" {rPois rF- rN+
                  | Int+3}
 43309 | Elf:3    | Identified the +6 triple sword of Qeqam {venom, +Blink
                  | rC+++ rCorr Str-2}
 43311 | Elf:3    | Identified the ring of Dinez {*Slow +Blink rElec Str+6}
 43314 | Elf:3    | Identified the +0 ice dragon scales of the Circus Animal
                  | {rF- rC++ Will- rCorr SInv}
 43573 | D:10     | Bought a manual of Conjurations for 1876 gold pieces
 43685 | Depths:1 | Noticed Louise
 43696 | Depths:1 | Reached skill level 8 in Dodging
 43980 | Depths:1 | Killed Louise
 43990 | Depths:1 | Found a one-way gate to the infinite horrors of the Abyss.
 44086 | Depths:1 | Found a runed translucent door.
 44090 | Depths:1 | Noticed a dread lich
 44092 | Depths:1 | Noticed Dex Urea's ghost (journeyman DsBe)
 44119 | Depths:1 | Reached skill level 9 in Conjurations
 44224 | Depths:1 | Found a runed translucent door.
 44235 | Depths:1 | Found a gateway to Hell.
 44351 | Depths:1 | Found Selomink's Book Shoppe.
 44404 | Depths:1 | Found a one-way gate leading to the halls of Pandemonium.
 44474 | Depths:1 | Offered knowledge of Starburst by Vehumet.
 44475 | Depths:1 | Reached skill level 10 in Earth Magic
 44858 | Depths:1 | Found a blossoming altar of Fedhas.
 44914 | Depths:1 | Found a gateway to a ziggurat.
 45128 | Depths:1 | Reached skill level 6 in Transmutations
 45534 | Depths:1 | Reached XP level 18. HP: 185/185 MP: 35/38
 46027 | Depths:2 | Identified the +0 mace of Hacking and Slashing {elec, +Rage
                  | rC+ SInv Stlth-}
 46284 | Depths:2 | Found Fexzeoss's Weapon Shoppe.
 46596 | Depths:2 | Reached skill level 7 in Transmutations
 46704 | Depths:2 | Noticed a titan
 46714 | Depths:2 | Reached skill level 10 in Conjurations
 46716 | Depths:2 | Killed a titan
 46976 | Depths:2 | Reached skill level 11 in Earth Magic
 46987 | Depths:2 | Reached skill level 9 in Dodging
 47858 | Depths:2 | Noticed a bone dragon
 47869 | Depths:2 | Killed a bone dragon
 47870 | Depths:2 | Reached skill level 8 in Transmutations
 48276 | Depths:2 | Found a burning altar of Makhleb.
 48422 | Depths:2 | HP: 25/240 [fire giant/fireball (49)]
 49037 | Depths:1 | Reached skill level 11 in Conjurations
 49309 | Depths:1 | Gained mutation: Your magical capacity is low. (-10% MP) [a
                  | cacodemon]
 49506 | Depths:2 | Killed a dread lich
 49575 | Depths:1 | Killed Dex Urea's ghost
 49652 | Depths:1 | Reached skill level 9 in Transmutations
 49671 | Depths:1 | Identified the +1 hat "Iperaask" {Will+ Str+4 Int+4}
 49729 | Hell     | Entered the Vestibule of Hell
 49729 | Hell     | Noticed Geryon
 49846 | Depths:3 | Reached XP level 19. HP: 193/193 MP: 23/35
 49968 | Depths:3 | Noticed a golden dragon
 49972 | Depths:3 | Killed a golden dragon
 50040 | Depths:3 | Reached skill level 12 in Earth Magic
 50395 | Depths:3 | Noticed a Brimstone Fiend
 50400 | Depths:3 | Killed a Brimstone Fiend
 50414 | Depths:3 | Noticed an Ice Fiend
 50553 | Depths:3 | Found a burning altar of Makhleb.
 50611 | Depths:3 | Noticed an Ice Fiend
 50622 | Depths:3 | Noticed a Hell Sentinel
 50628 | Depths:3 | Reached ****** piety under Vehumet
 51008 | Depths:3 | Reached skill level 13 in Earth Magic
 51008 | Depths:3 | Reached XP level 20. HP: 202/202 MP: 32/36
 51375 | Depths:4 | Offered knowledge of Lehudib's Crystal Spear by Vehumet.
 51375 | Depths:4 | Offered knowledge of Shatter by Vehumet.
 51375 | Depths:4 | Offered knowledge of Chain Lightning by Vehumet.
 51378 | Depths:4 | Reached skill level 10 in Dodging
 51385 | Depths:4 | Reached skill level 10 in Transmutations
 51465 | Depths:4 | Reached skill level 12 in Conjurations
 51656 | Depths:4 | Noticed a caustic shrike
 51657 | Depths:4 | Noticed an ancient lich
 51657 | Depths:4 | Noticed a golden dragon
 51660 | Depths:4 | Found the +8 lance "Wyrmbane" {slay drac, rPois rF+ rC+
                  | AC+3}
 51685 | Depths:4 | Noticed a juggernaut
 51685 | Depths:4 | Noticed a juggernaut
 51736 | Depths:4 | Noticed a golden dragon
 51853 | Depths:4 | Found an ancient bone altar of Kikubaaqudgha.
 52190 | Depths:4 | Found a glowing golden altar of the Shining One.
 52212 | Depths:4 | Found a burning altar of Makhleb.
 52449 | Depths:4 | Killed a caustic shrike
 52521 | Depths:4 | Learned a level 9 spell: Shatter
 52532 | Depths:4 | Learned a level 8 spell: Lehudib's Crystal Spear
 52569 | Depths:4 | Killed a golden dragon
 53276 | Depths:4 | Reached skill level 14 in Earth Magic
 53308 | Depths:4 | Killed a juggernaut
 53309 | Depths:4 | Reached skill level 17 in Spellcasting
 53314 | Depths:4 | Killed a juggernaut
 53315 | Depths:4 | Reached skill level 14 in Fighting
 53315 | Depths:4 | Reached XP level 21. HP: 214/214 MP: 4/37
 53441 | Depths:4 | Killed an ancient lich
 53442 | Depths:4 | Reached skill level 13 in Conjurations
 53452 | Depths:4 | Killed a golden dragon
 54021 | Snake:2  | Reached skill level 11 in Dodging
 54054 | Snake:2  | Found a transporter.
 54072 | Snake:2  | Noticed rigao's ghost (adept DEIE)
 54090 | Snake:2  | Found a transporter.
 54137 | Snake:2  | Killed rigao's ghost
 54141 | Snake:2  | Identified the amulet "Vacyregh" {Spirit Dex+3}
 54463 | Snake:2  | Reached skill level 15 in Fighting
 54617 | Snake:3  | Noticed Asterion
 54622 | Snake:3  | Killed Asterion
 54880 | Snake:3  | Noticed Vashnia
 54884 | Snake:3  | HP: 61/283 [naga warrior (12)]
 54891 | Snake:3  | Gained mutation: You sometimes lose the ability to read
                  | scrolls when taking damage. [mutagenic glow]
 55055 | Snake:3  | Reached skill level 15 in Earth Magic
 55176 | Snake:3  | Reached skill level 14 in Conjurations
 56203 | Snake:3  | Noticed Bai Suzhen
 56213 | Snake:3  | Killed Bai Suzhen
 56214 | Snake:3  | Reached skill level 16 in Earth Magic
 56229 | Snake:3  | Killed Vashnia
 56933 | Snake:3  | Identified the +0 pair of boots "Damnable Contraption"
                  | {Dex+4}
 57006 | Snake:4  | Entered Level 4 of the Snake Pit
 57006 | Snake:4  | Noticed Saint Roka
 57017 | Snake:4  | Killed Saint Roka
 57411 | Snake:4  | Reached XP level 22. HP: 227/227 MP: 8/38
 57594 | Snake:4  | Reached skill level 17 in Earth Magic
 58734 | Snake:4  | Got a serpentine rune of Zot
 59027 | Shoals:1 | Entered Level 1 of the Shoals
 59197 | Shoals:4 | Entered Level 4 of the Shoals
 59207 | Shoals:3 | Found Yklicsin's Antique Weapon Shoppe.
 59286 | Shoals:4 | Identified the +4 chain mail of the Bard {rN+ rCorr Str-3}
 59325 | Shoals:4 | Identified the ring of Happiness {AC+4 Int+2 SInv}
 59392 | Shoals:4 | Found Toreklin's Antique Weapon Shoppe.
 59401 | Shoals:4 | Bought a crystal morningstar for 243 gold pieces
 59401 | Shoals:4 | Identified the +3 morningstar "Widowmaker" {flame, rC+++
                  | Int-4 SInv Stlth+} (You bought it in a shop on level 4 of
                  | the Shoals)
 59523 | Shoals:4 | Got a barnacled rune of Zot
 59639 | Shoals:4 | Identified the +8 hand axe "Ceamn" {speed, rElec rF++
                  | Str+4}
 60155 | Vaults:1 | Entered Level 1 of the Vaults
 60190 | Vaults:1 | Reached skill level 18 in Earth Magic
 60221 | Vaults:1 | Gained mutation: Your body sometimes deteriorates upon
                  | taking damage. [mutagenic glow]
 60395 | Vaults:1 | Identified the +2 leather armour of Saijen {Rampage rC-
                  | rN+}
 61102 | Vaults:1 | Found the +4 skin of Zhor {*Englaciate rC+++ SInv}
 61493 | Vaults:1 | Lost mutation: Your magical capacity is low. (-10% MP)
                  | [potion of mutation]
 61493 | Vaults:1 | Lost mutation: You sometimes lose the ability to read
                  | scrolls when taking damage. [potion of mutation]
 61493 | Vaults:1 | Gained mutation: You occasionally shout uncontrollably at
                  | your foes. [potion of mutation]
 61493 | Vaults:1 | Gained mutation: You sometimes lose the ability to read
                  | scrolls when taking damage. [potion of mutation]
 61494 | Vaults:1 | Lost mutation: You sometimes lose the ability to read
                  | scrolls when taking damage. [potion of mutation]
 61494 | Vaults:1 | Lost mutation: Your body sometimes deteriorates upon taking
                  | damage. [potion of mutation]
 61494 | Vaults:1 | Gained mutation: You are frail. (-10% HP) [potion of
                  | mutation]
 61494 | Vaults:1 | Gained mutation: Your mind is acute. (Int +2) [potion of
                  | mutation]
 61495 | Vaults:1 | Lost mutation: You occasionally shout uncontrollably at
                  | your foes. [potion of mutation]
 61495 | Vaults:1 | Lost mutation: You are frail. (-10% HP) [potion of
                  | mutation]
 61495 | Vaults:1 | Lost mutation: Your mind is acute. (Int +2) [potion of
                  | mutation]
 61495 | Vaults:1 | Gained mutation: Your muscles are strong. (Str +2) [potion
                  | of mutation]
 61832 | Vaults:2 | Reached skill level 19 in Earth Magic
 62810 | Vaults:2 | Reached XP level 23. HP: 201/235 MP: 34/44
 62909 | Vaults:2 | Found Mots's Distillery.
 62917 | Vaults:2 | Bought a potion of haste for 180 gold pieces
 62917 | Vaults:2 | Bought a potion of mutation for 144 gold pieces
 63260 | Vaults:3 | Found a staircase to the Crypt.
 63260 | Vaults:3 | Found an ancient bone altar of Kikubaaqudgha.
 63260 | Vaults:3 | Found a basalt altar of Yredelemnul.
 63296 | Vaults:3 | Reached skill level 20 in Earth Magic
 63697 | Vaults:3 | Found Giytaerr's Antique Weapon Boutique.
 63705 | Vaults:3 | Bought a dazzling war axe for 255 gold pieces
 63705 | Vaults:3 | Identified the +2 war axe "Zirouril" {flame, +Rage rC-
                  | Int+3 Stlth+} (You bought it in a shop on level 3 of the
                  | Vaults)
 63802 | Vaults:3 | Found Oshreog's Assorted Antiques.
 63895 | Vaults:3 | Found Zueg's Armour Boutique.
 64441 | Vaults:4 | Reached skill level 21 in Earth Magic
 65717 | Vaults:5 | Entered Level 5 of the Vaults
 65721 | Vaults:5 | Reached XP level 24. HP: 245/245 MP: 44/44
 65735 | Vaults:5 | Reached skill level 16 in Fighting
 65735 | Vaults:5 | Reached skill level 10 in Shields
 65823 | Vaults:5 | Reached skill level 22 in Earth Magic
 65829 | Vaults:5 | Reached skill level 17 in Fighting
 65829 | Vaults:5 | Reached skill level 11 in Shields
 66026 | Vaults:5 | Acquired 661 gold pieces
 66037 | Vaults:5 | Noticed an ancient lich
 66045 | Vaults:5 | Killed an ancient lich
 66217 | Vaults:5 | Found Agoy's Book Shop.
 66325 | Vaults:5 | Got a silver rune of Zot
 66347 | Vaults:5 | Got the Guide on Ensnaring Combat Magic
 66410 | Vaults:5 | Found Lof Oreq's Distillery.
 66421 | Vaults:5 | Bought a potion of mutation for 88 gold pieces
 66448 | Vaults:5 | Found Qatwiasi's Distillery.
 66467 | Vaults:5 | Bought a potion of heal wounds for 100 gold pieces
 66769 | D:5      | Killed Ge0ff's ghost
 67039 | Vaults:5 | Bought a book of the Tempests for 980 gold pieces
 67050 | Vaults:5 | Learned a level 9 spell: Chain Lightning
 67324 | Depths:5 | Entered Level 5 of the Depths
 67358 | Depths:5 | Noticed a caustic shrike
 67358 | Depths:5 | Noticed a caustic shrike
 67360 | Depths:5 | Noticed a caustic shrike
 67361 | Depths:5 | Killed a caustic shrike
 67366 | Depths:4 | Killed a caustic shrike
 67450 | Depths:4 | Killed a caustic shrike
 67934 | Depths:5 | Reached XP level 25. HP: 263/263 MP: 37/44
 67936 | Depths:5 | Reached skill level 18 in Fighting
 68036 | Depths:5 | Noticed a juggernaut
 68048 | Depths:5 | Killed a juggernaut
 68049 | Depths:5 | Reached skill level 15 in Conjurations
 68167 | Depths:5 | Found a gate to the Realm of Zot.
 68170 | Depths:5 | Noticed Jory
 68373 | Depths:5 | Reached skill level 12 in Shields
 68373 | Depths:5 | Reached skill level 9 in Air Magic
 68426 | Depths:5 | Killed Jory
 68663 | Depths:5 | Reached skill level 1 in Polearms
 69241 | Zot:1    | Entered Level 1 of the Realm of Zot
 69248 | Zot:1    | Reached skill level 2 in Polearms
 69250 | Zot:1    | HP: 52/267 [storm dragon (15)]
 69474 | Zot:1    | Reached skill level 3 in Polearms
 69477 | Zot:1    | Reached skill level 19 in Fighting
 69588 | Zot:1    | Reached skill level 10 in Air Magic
 69632 | Zot:1    | Reached skill level 4 in Polearms
 70559 | Zot:2    | Reached skill level 5 in Polearms
 70566 | Zot:2    | Reached skill level 23 in Earth Magic
 70695 | Zot:2    | Reached skill level 6 in Polearms
 71016 | Zot:2    | Reached XP level 26. HP: 265/282 MP: 26/44
 71665 | Zig:1    | Entered Level 1 of a ziggurat
 71725 | Zig:2    | Entered Level 2 of a ziggurat
 71728 | Zig:2    | Noticed a Killer Klown
 71731 | Zig:2    | Killed a Killer Klown
 71732 | Zig:2    | Reached skill level 7 in Polearms
 71741 | Zig:3    | Entered Level 3 of a ziggurat
 71751 | Zig:3    | Reached skill level 20 in Fighting
 71757 | Zig:3    | Identified the +0 ring mail "Qiemudgh" {+Blink rElec Int+6
                  | Dex-3}
 71761 | Zig:3    | Acquired 886 gold pieces
 71870 | Zig:4    | Entered Level 4 of a ziggurat
 71881 | Zig:4    | Identified the +2 cloak of Shielding {Contam *Corrode Str+4
                  | Stlth+}
 71896 | Zig:5    | Entered Level 5 of a ziggurat
 72012 | Zig:6    | Entered Level 6 of a ziggurat
 72022 | Zig:6    | Reached skill level 8 in Polearms
 72032 | Zig:6    | Got the Volume of Toxic Ice
 72036 | Zig:6    | Identified the amulet of Wisdom {Spirit Int+3 Stlth+}
 72060 | Zig:7    | Entered Level 7 of a ziggurat
 72082 | Zig:7    | Identified the +6 long sword "Cessusiu" {protect, rCorr
                  | Str+2 Dex+4}
 72088 | Zig:8    | Entered Level 8 of a ziggurat
 72099 | Zig:8    | Reached skill level 9 in Polearms
 72126 | Zig:9    | Entered Level 9 of a ziggurat
 72141 | Zig:9    | Reached skill level 10 in Polearms
 72158 | Zig:9    | Acquired the amulet "Uwatur" {Reflect Fly rElec rPois Str+2
                  | SH+5}
 72159 | Zig:9    | Acquired 633 gold pieces
 72201 | Zig:9    | Learned a level 5 spell: Irradiate
 72206 | Zig:10   | Entered Level 10 of a ziggurat
 72215 | Zig:10   | Found the +3 pair of gauntlets of War {Slay+5}
 72231 | Zig:10   | Got the Disquisition on Spatial Transmutation
 72264 | Zig:11   | Entered Level 11 of a ziggurat
 72287 | Zig:11   | Identified the +3 mace of a bailey {drain, rPois Dex+4}
 72292 | Zig:11   | Identified the +7 flail "Roleskin" {vamp, Drain Will+
                  | Int+2}
 72364 | Zig:12   | Entered Level 12 of a ziggurat
 72375 | Zig:12   | Reached skill level 11 in Polearms
 72392 | Zig:12   | Identified the amulet of Xom's Sleight of Hands {Reflect
                  | Int+3 Dex+4 SH+5}
 72409 | Zig:12   | Identified the ring of Gitezas {*Slow +Blink rC+ EV+4
                  | Slay+2}
 72431 | Zig:13   | Entered Level 13 of a ziggurat
 72459 | Zig:13   | Identified the amulet of Hedonism {Spirit +Inv rCorr Dex-4}
 72460 | Zig:13   | Identified the ring of Nobility {rPois Will++ Str+2 Int+6
                  | Dex-4}
 72473 | Zig:13   | Identified the +8 quarterstaff "Bet Waorch" {flame, rF+
                  | rCorr}
 72484 | Zig:14   | Entered Level 14 of a ziggurat
 72495 | Zig:14   | Noticed a shard shrike
 72499 | Zig:14   | Reached XP level 27. HP: 291/291 MP: 26/44
 72500 | Zig:14   | Reached skill level 12 in Polearms
 72507 | Zig:14   | Reached skill level 11 in Transmutations
 72548 | Zig:14   | Got the Papyrus of the Frigorific Voyage
 72613 | Zig:15   | Entered Level 15 of a ziggurat
 72625 | Zig:15   | Reached skill level 13 in Shields
 72651 | Zig:15   | Identified the +4 pair of gloves "Neuneabb" {rCorr}
 72653 | Zig:15   | Reached skill level 12 in Air Magic
 72662 | Zig:15   | Identified the ring of Wucuty {rC+ MP+9 SInv}
 72663 | Zig:15   | Identified the +2 arbalest "Lifebane" {freeze, rN+}
 72674 | Zig:16   | Entered Level 16 of a ziggurat
 72687 | Zig:16   | Found the +5 robe of Misfortune {Contam Harm *Corrode Drain
                  | *Slow EV+5}
 72688 | Zig:16   | Noticed a pearl dragon
 72689 | Zig:16   | Noticed a pearl dragon
 72691 | Zig:16   | Identified the +6 tower shield of Time Monsters {Dex+4}
 72695 | Zig:16   | HP: 86/378 [daeva/divine providence (12)]
 73207 | Zot:2    | Reached skill level 12 in Transmutations
 73207 | Zot:2    | Reached skill level 24 in Earth Magic
 73504 | Zot:2    | Found a runed translucent door.
 73504 | Zot:2    | Found a shimmering altar of Xom.
 73505 | Zot:2    | Noticed Gamelir's ghost (legendary FoAM)
 73525 | Zot:2    | Killed Gamelir's ghost
 73652 | Zot:3    | Identified the +6 fustibalus of Reason {flame, rElec Str+3
                  | Dex-2}
 73670 | Zot:3    | Reached skill level 14 in Shields
 74006 | Zot:4    | Reached skill level 13 in Transmutations
 74027 | Zot:4    | HP: 91/369 [electric golem (5)]
 74034 | Zot:3    | HP: 78/369 [moth of wrath (7)]
 74212 | Zot:4    | Reached skill level 21 in Fighting
 74529 | Zot:4    | Reached skill level 22 in Fighting
 74530 | Zot:4    | Reached skill level 25 in Earth Magic
 74590 | Zot:5    | Entered Level 5 of the Realm of Zot
 75044 | Zot:5    | Noticed an orb of fire
 75635 | Zot:5    | Noticed an orb of fire
 75636 | Zot:5    | Gained mutation: You are dopey. (Int -2) [an orb of fire]
 75638 | Zot:5    | Reached skill level 23 in Fighting
 75638 | Zot:5    | Gained mutation: You do not regenerate when monsters are
                  | visible. [an orb of fire]
 75638 | Zot:5    | Gained mutation: Armour fits poorly on your strangely
                  | shaped body. [an orb of fire]
 75640 | Zot:5    | Noticed an orb of fire
 75644 | Zot:4    | Killed an orb of fire
 75699 | Zot:4    | Lost mutation: Armour fits poorly on your strangely shaped
                  | body. [potion of mutation]
 75699 | Zot:4    | Lost mutation: Your muscles are strong. (Str +2) [potion of
                  | mutation]
 75699 | Zot:4    | Gained mutation: Your body sometimes deteriorates upon
                  | taking damage. [potion of mutation]
 75699 | Zot:4    | Gained mutation: You have sharp toenails. [potion of
                  | mutation]
 75700 | Zot:4    | Lost mutation: Your body sometimes deteriorates upon taking
                  | damage. [potion of mutation]
 75700 | Zot:4    | Lost mutation: You are dopey. (Int -2) [potion of mutation]
 75700 | Zot:4    | Gained mutation: You are frail. (-10% HP) [potion of
                  | mutation]
 75701 | Zot:4    | Lost mutation: You have sharp toenails. [potion of
                  | mutation]
 75701 | Zot:4    | Lost mutation: You do not regenerate when monsters are
                  | visible. [potion of mutation]
 75701 | Zot:4    | Lost mutation: You are frail. (-10% HP) [potion of
                  | mutation]
 75701 | Zot:4    | Gained mutation: Your spells are a little harder to cast,
                  | but a little more powerful. [potion of mutation]
 75701 | Zot:4    | Gained mutation: Your system is resistant to poisons.
                  | (rPois) [potion of mutation]
 75740 | Zot:5    | Noticed an orb of fire
 75745 | Zot:5    | Gained mutation: You are dopey. (Int -2) [an orb of fire]
 75745 | Zot:5    | Gained mutation: Your magical capacity is low. (-10% MP)
                  | [an orb of fire]
 75861 | Zot:5    | Gained mutation: You sometimes lose the ability to read
                  | scrolls when taking damage. [an orb of fire]
 75866 | Zot:5    | Killed an orb of fire
 75867 | Zot:5    | Killed an orb of fire
 76004 | Zot:5    | Noticed an ancient lich
 76006 | Zot:5    | Noticed an orb of fire
 76017 | Zot:4    | Killed an ancient lich
 76065 | Zot:5    | Killed an orb of fire
 76181 | Zot:5    | Killed an orb of fire
 76363 | Zot:5    | Reached skill level 1 in Armour
 76405 | Zot:5    | Reached skill level 2 in Armour
 76603 | Zot:5    | Reached skill level 3 in Armour
 76603 | Zot:5    | Reached skill level 18 in Spellcasting
 76608 | Zot:5    | Noticed an orb of fire
 76608 | Zot:5    | Noticed an orb of fire
 76612 | Zot:5    | Reached skill level 4 in Armour
 76613 | Zot:5    | Killed an orb of fire
 76613 | Zot:5    | Noticed an orb of fire
 76614 | Zot:5    | Gained mutation: You tend to lose your temper in combat.
                  | [an orb of fire]
 76615 | Zot:5    | Killed an orb of fire
 76616 | Zot:5    | Reached skill level 24 in Fighting
 76623 | Zot:4    | Reached skill level 5 in Armour
 76631 | Zot:4    | Killed an orb of fire
 76744 | Zot:4    | Lost mutation: You tend to lose your temper in combat.
                  | [potion of mutation]
 76744 | Zot:4    | Lost mutation: Your magical capacity is low. (-10% MP)
                  | [potion of mutation]
 76744 | Zot:4    | Gained mutation: You have a pair of small horns on your
                  | head. [potion of mutation]
 76744 | Zot:4    | Gained mutation: You occasionally shout uncontrollably at
                  | your foes. [potion of mutation]
 76744 | Zot:4    | Gained mutation: You have large cloven feet. [potion of
                  | mutation]
 76745 | Zot:4    | Lost mutation: You sometimes lose the ability to read
                  | scrolls when taking damage. [potion of mutation]
 76745 | Zot:4    | Gained mutation: You sometimes lose the ability to read
                  | scrolls when taking damage. [potion of mutation]
 76746 | Zot:4    | Lost mutation: You have a pair of small horns on your head.
                  | [potion of mutation]
 76746 | Zot:4    | Lost mutation: You occasionally shout uncontrollably at
                  | your foes. [potion of mutation]
 76746 | Zot:4    | Lost mutation: Your spells are a little harder to cast, but
                  | a little more powerful. [potion of mutation]
 76746 | Zot:4    | Gained mutation: You possess an exceptional clarity of
                  | mind. [potion of mutation]
 76746 | Zot:4    | Gained mutation: Your natural rate of healing is unusually
                  | fast. [potion of mutation]
 76778 | Zot:5    | Reached skill level 6 in Armour
 76996 | Zot:5    | Got the Orb of Zot
 77407 | D:12     | Reached skill level 26 in Earth Magic
 77670 | D:$      | Escaped with the Orb!

Illustrated notes

Levels and vault maps discovered:
D:1:      minmay_arrival_plants_in_alcoves, layout_rooms,
          hellmonk_ecumenical_altar_pennies_from_heaven, serial_shops,
          nicolae_shop_stone, grunt_decor_arrowhead
D:2:      layout_rooms
D:3:      layout_basic, grunt_ashenzari_visionary
          [grunt_ashenzari_visionary_shoals, grunt_ashenzari_visionary_snake],
          nicolae_ru_great_annihilating_truth
D:4:      layout_basic, nicolae_overflow_hidden_temple, zin_scriptorium,
          serial_curves, eino_curves_02, eino_curves_04, serial_shops, shop,
          uniq_blork_the_orc
D:5:      layout_rooms, gammafunk_ghost_icy, uniq_crazy_yiuf_cottage
D:6:      minmay_skewed_foursquare, layout_cave_pools, tgw_kikubaaqudgha,
          nicolae_shop_self_help
D:7:      layout_basic, kennysheep_little_box, minmay_temple_entry_ruins,
          serial_shops, nicolae_shop_window_shopping
D:8:      layout_loops_ring, lemuel_round_altar, erik_lair_dragon
D:9:      layout_roguey, amcnicky_altar_gilded, guppyfry_shop_venom
D:10:     layout_loops_ring, general_overflow_altar, old_standard_altar,
          elyvilon_altar_5, nicolae_gozag_seed_capital, lightli_temple_of_fire,
          david_orc_3, enter_bailey_1, nicolae_blasting_shop, chequers_jeans
D:11:     layout_rooms
D:12:     layout_irregular_city, enter_trove_2, uniq_maurice, uniq_kirke,
          uniq_sonja
D:13:     layout_loops_ring, david_vaults_2, portal_ice_cave_entry_pillars_1,
          uniq_frances
D:14:     layout_irregular_city, nicolae_qazlal_eye_of_the_storm,
          nemelex_spade_bored_becter
D:15:     gammafunk_depths_entry_grave, layout_cave_pools,
          gauntlet_entry_generic, okawaru_gym_becter, tgw_xom, uniq_rupert,
          uniq_roxanne
Temple:   nicolae_temple_figure_zero
Lair:1:   layout_gridlike
Lair:2:   layout_cellular_growth, minmay_shoals_entry_lonely_mermaid,
          portal_ice_cave_demonic_guard, cheibrodos_lair_lostbears, uniq_maggie
Lair:3:   layout_layer_cave, beast_lair_carwin_5
Lair:4:   layout_small_grid, minmay_snake_entry_six_corridors,
          gammafunk_ghost_ooze
Lair:5:   layout_hall_layers, minmay_lair_drake_nest
Lair:6:   minmay_lair_end_frog_pond, layout_gridlike,
          dpeg_slime_entry_enclosed_altar, hibernation_bobbens
Shoals:1: layout_shoals, uniq_nikola, uniq_donald
Shoals:2: layout_shoals, nicolae_shop_overcharged_wands, uniq_polyphemus
Shoals:3: layout_shoals, serial_shops, nicolae_take_the_stairs
Shoals:4: shoals_end_grunt_ice, layout_shoals, serial_shops, shop,
          nicolae_shoals_beach_house_on_fowls_legs
Snake:1:  layout_chambers, serial_bayou_shore_a, uniq_aizul
Snake:2:  layout_basic, gammafunk_ghost_arena, evilmike_ambush
          [evilmike_ambush_outer_basic, evilmike_ambush_inner_basic]
Snake:3:  nicolae_aizul_guard, layout_chambers, nicolae_snake_salamander_zone,
          uniq_vashnia, uniq_bai_suzhen, uniq_asterion
Snake:4:  johnstein_snake_rune_scales, layout_cave_town, serial_bayou_shore_b,
          uniq_saint_roka
Orc:1:    layout_caves, serial_shops, shop, gammafunk_ghost_necromancy
Orc:2:    kennysheep_orc_mage_school, layout_diamond_mine,
          nicolae_volcano_entry_batcave, nicolae_orc_tapped_out, uniq_snorg,
          uniq_nessos
Elf:1:    eino_elf_arrival_the_gate, layout_rooms, orc_legates, abandoned_shop
Elf:2:    layout_rooms, basic_altar
Elf:3:    minmay_elf_hall, layout_geoelf_grid
Vaults:1: ontoclasm_vaults_claustrophobia, grunt_vaults_hallway_long,
          hangedman_vaults_corner_blocks, nicolae_vaults_alarming, v_misc_5,
          vaults_room_hallway, layout_vaults_chaotic_city
Vaults:2: v_misc_11, v_misc_27, vaults_room_octagon, hangedman_vaults_maws,
          v_misc_4, ontoclasm_vaults_gateway, nicolae_vaults_little_squares_4,
          v_misc_8, nicolae_vaults_diagonal_hallway_8,
          nicolae_vaults_twisting_passages, vaults_room_pools,
          hangedman_vaults_corner_blocks, grunt_vaults_swirl, v_misc_13,
          ontoclasm_vaults_shuriken, layout_vaults_maze_snakey, serial_shops,
          shop
Vaults:3: vaults_dpeg_hooks, vaults_dpeg_spiral, minmay_crypt_entry_necro_gods,
          ontoclasm_vaults_fault, v_rooms_3, vaults_mumra_lcd,
          ontoclasm_vaults_tryst, v_pattern_4, v_alt_pattern_6,
          vaults_room_stairs_pillars, ontoclasm_vaults_eye,
          vaults_room_guarded_vault, vaults_mumra_hexcomb,
          layout_vaults_omnibox, serial_shops, shop_fountains,
          nicolae_shop_statue_plus, shop
Vaults:4: vaults_room_corners, v_misc_15, hangedman_vaults_stream,
          ontoclasm_vaults_bender, vaults_dpeg_cross,
          nicolae_vaults_border_crossing, v_misc_27, vaults_mumra_chevron_long,
          hangedman_vaults_impose, nicolae_vaults_rhombus_5, vaults_dpeg_ring,
          layout_vaults_omnicross
Vaults:5
Depths:1: layout_basic, enter_ziggurat_e,
          nicolae_abyss_entry_one_way_or_another, serial_shops, shop,
          muffindrake_ghost_dual_entry, hell_entry, pan_entry,
          serial_sigils_hangedman_scar, nicolae_water_bricks, fountainhead,
          hex_medium, minivault_16, fedhas_altar_1
Depths:2: evilmike_hourglass, layout_basic, serial_shops, shop,
          grunt_mini_vestibule, makhleb_altar_promises_db,
          infiniplex_staircase_pool_1
Depths:3: evilmike_makhleb_hellhole, layout_basic, pan_entry, abyss_entry,
          hangedman_abyss_or_decor_stabs, hell_entry,
          infiniplex_staircase_diamond
Depths:4: evilmike_inaccessible_box, layout_gridlike, hell_entry,
          nicolae_kikubaaqudgha_miasma_corner, abyss_entry_small_statue_room,
          nzn_life_drinkers
Depths:5: grunt_zot_entry_funnels, layout_honeycomb,
          hangedman_tar_grid_catacomb, pan_entry, amcnicky_mini_pool_small,
          abandoned_shop, drop_trap, minmay_guarded_unrand_curses, uniq_jory
Hell
Zot:1:    layout_concentric_octagons
Zot:2:    grunt_twist_and_shout, layout_onion_interference, ebering_ghost_xom
Zot:3:    layout_gridlike
Zot:4:    cheibrodos_zot_enchanting_chambers, layout_misc_corridors,
          st_large_dragon_hoard_1
Zot:5:    layout_basic

Skill      XL: |  1  2  3  4  5  6  7  8  9 10 11 12 13 14 15 16 17 18 19 20 21 22 23 24 25 26 27 |
---------------+----------------------------------------------------------------------------------+-----
Conjurations   | 1 3 6 7 9 11 12 14 15 | 15.0
Summonings     | 1 2 4 5 6 7 8 10 11 13 14 15 | 15.0
Spellcasting   | 4 5 7 8 10 13 14 15 16 17 18 | 18.6
Air Magic      | 1 3 5 6 7 8 10 12 | 12.3
Fighting       | 4 7 9 11 12 13 14 15 17 19 20 24 | 24.3
Translocations | 2 |  2.0
Dodging        | 4 5 6 8 9 10 11 | 11.0
Shields        | 5 6 9 11 12 14 | 14.0
Earth Magic    | 5 7 10 11 13 14 16 19 21 22 23 26 | 26.0
Transmutations | 1 4 6 9 10 13 | 13.0
Polearms       | 6 11 12 | 12.0
Armour         | 6 |  6.9
Stealth        | |  1.4

Action                   |  1- 3 |  4- 6 |  7- 9 | 10-12 | 13-15 | 16-18 | 19-21 | 22-24 | 25-27 || total
-------------------------+-------+-------+-------+-------+-------+-------+-------+-------+-------++-------
Melee: Dagger            |    73 |   145 |       |       |       |       |       |       |       ||   218
       Mace              |       |    18 |   160 |   361 |   202 |       |       |       |       ||   741
       Staff             |       |       |       |       |    54 |    80 |   201 |   362 |       ||   697
       Whip              |       |       |       |       |       |   101 |    91 |       |       ||   192
       Lance             |       |       |       |       |       |       |       |    19 |   504 ||   523
       Kick              |       |       |       |       |       |       |       |       |     2 ||     2
 Cast: Magic Dart        |    22 |       |       |       |       |       |       |       |       ||    22
       Call Imp          |    18 |    57 |    54 |    85 |     2 |       |       |       |       ||   216
       Call Canine Famil |       |    16 |    60 |   103 |   114 |    29 |       |       |       ||   322
       Summon Lightning  |       |       |    18 |    65 |   124 |    42 |    12 |       |       ||   261
       Shadow Creatures  |       |       |       |    21 |   106 |    28 |    19 |     1 |     5 ||   180
       Bolt of Magma     |       |       |       |       |     9 |   117 |     8 |       |       ||   134
       Spellforged Servi |       |       |       |       |     9 |   141 |    95 |    83 |    54 ||   382
       Irradiate         |       |       |       |       |       |    18 |    43 |    20 |     6 ||    87
       Statue Form       |       |       |       |       |       |    13 |    48 |    74 |   110 ||   245
       Blink             |       |       |       |       |       |     2 |       |       |     6 ||     8
       Orb of Destructio |       |       |       |       |       |       |     7 |     3 |       ||    10
       Lehudib's Crystal |       |       |       |       |       |       |    11 |     5 |    93 ||   109
       Shatter           |       |       |       |       |       |       |     1 |   101 |   165 ||   267
Evoke: Wand              |       |       |       |     7 |     4 |     1 |    10 |       |     9 ||    31
       Phantom mirror    |       |       |       |       |       |     2 |       |       |       ||     2
       Condenser vane    |       |       |       |       |       |     1 |       |       |     1 ||     2
  Use: Potion            |       |       |     2 |     1 |     2 |     3 |     3 |     3 |    20 ||    34
       Scroll            |       |       |       |    18 |    14 |    12 |     5 |     2 |    23 ||    74
 Stab: Invisible         |       |     1 |       |       |       |       |       |       |       ||     1
       Sleeping          |       |     1 |       |       |       |       |       |       |       ||     1
       Distracted        |       |     1 |     3 |     7 |     2 |     1 |     2 |     2 |     7 ||    25
       Petrified         |       |       |       |     2 |     1 |       |       |       |       ||     3
Armor: Robe              |    19 |    51 |       |       |    87 |    31 |     9 |     7 |    23 ||   227
       Steam dragon scal |       |       |   169 |    45 |       |       |       |       |       ||   214
       Swamp dragon scal |       |       |       |   387 |   150 |    24 |       |       |       ||   561
       Skin              |       |       |       |       |       |   122 |   547 |   685 |   575 ||  1929
Dodge: Dodged            |    53 |    75 |   130 |   304 |   262 |   347 |   566 |   692 |   447 ||  2876
Block: Kite shield       |       |       |       |       |       |   186 |   543 |   663 |   636 ||  2028
       Reflection        |       |       |       |       |       |    12 |    65 |    92 |    14 ||   183

Table legend: (Time is in decaauts)
 A = Elapsed time spent in this place.
 B = Non-inter-level travel time spent in this place.
 C = Inter-level travel time spent in this place.
 D = Time resting spent in this place.
 E = Time spent auto-exploring this place.
 F = Levels seen in this place.
 G = Mean time per level.
                   A        B        C        D        E       F      G
               +--------+--------+--------+--------+--------+-----+--------+
         Total |  84235 |  76671 |   7564 |  14848 |  39843 |  70 | 1203.4 |
       Dungeon |  22817 |  19539 |   3278 |   3638 |  11983 |  15 | 1521.1 |
        Temple |    110 |     98 |     12 |      0 |     87 |   1 |  110.0 |
          Lair |  10476 |   9350 |   1126 |   1497 |   5618 |   6 | 1746.0 |
        Shoals |   1436 |   1236 |    200 |     77 |      0 |   4 |  359.0 |
     Snake Pit |   8476 |   8192 |    284 |    913 |   4952 |   4 | 2119.0 |
  Orcish Mines |   2818 |   2628 |    190 |    538 |   1193 |   2 | 1409.0 |
   Elven Halls |   5982 |   5741 |    241 |   1570 |   2460 |   3 | 1994.0 |
        Vaults |   8207 |   7598 |    609 |    392 |   4860 |   5 | 1641.4 |
        Depths |  13522 |  12237 |   1285 |   2238 |   6431 |   5 | 2704.4 |
          Hell |      1 |      1 |      0 |      0 |      0 |   1 |    1.0 |
           Zot |   7211 |   6875 |    336 |   2904 |   1748 |   5 | 1442.2 |
      Ziggurat |   1373 |   1373 |      0 |    421 |      0 |  16 |   85.8 |
         Trove |     77 |     77 |      0 |      0 |      0 |   1 |   77.0 |
        Bailey |   1202 |   1202 |      0 |    504 |    344 |   1 | 1202.0 |
       Volcano |    520 |    520 |      0 |    154 |    163 |   1 |  520.0 |
               +--------+--------+--------+--------+--------+-----+--------+

Top non-repeatable levels by time:
 Snake:3: 3277 daAuts
Depths:2: 3091 daAuts
Depths:4: 3079 daAuts
     D:8: 3072 daAuts
Depths:1: 2976 daAuts
   Elf:3: 2783 daAuts
  Lair:4: 2628 daAuts
Depths:3: 2379 daAuts
Vaults:4: 2293 daAuts
 Snake:1: 2290 daAuts
 Snake:4: 2039 daAuts
   Orc:2: 2000 daAuts
Depths:5: 1996 daAuts
   Zot:2: 1977 daAuts
     D:6: 1918 daAuts

Table legend:
 A = Kills in this place as a percentage of kills in entire the game.
 B = Kills by you in this place as a percentage of kills by you in the entire game.
 C = Kills by friends in this place as a percentage of kills by friends in the entire game.
 D = Other kills in this place as a percentage of other kills in the entire game.
 E = Experience gained in this place as a percentage of experience gained in the entire game.
 F = Experience gained in this place divided by the number of levels of this place that you have seen.
                   A       B       C       D       E      F
               +-------+-------+-------+-------+-------+----------------------
         Total | 100.0 | 100.0 | 100.0 | 100.0 | 100.0 | 23562.9
       Dungeon |  12.8 |   8.2 |  16.9 |   0.0 |   3.2 | 3472.1
          Lair |   9.4 |   3.6 |  14.3 |   8.3 |   2.3 | 6334.8
        Shoals |   3.4 |   1.2 |   5.3 |   0.0 |   1.6 | 6800.5
     Snake Pit |  13.1 |   6.4 |  18.8 |  16.7 |   7.4 | 30322.2
  Orcish Mines |   4.6 |   0.9 |   7.8 |   0.0 |   0.5 | 4518.0
   Elven Halls |   6.0 |   3.1 |   8.5 |   8.3 |   4.4 | 24200.7
        Vaults |  15.1 |  24.7 |   7.1 |   8.3 |  18.7 | 61626.2
        Depths |  13.4 |  12.1 |  14.3 |  33.3 |  16.5 | 54408.0
           Zot |  12.2 |  21.9 |   4.1 |  16.7 |  32.6 | 107513.4
      Ziggurat |   8.3 |  17.7 |   0.4 |   8.3 |  12.6 | 12968.6
        Bailey |   1.1 |   0.2 |   2.0 |   0.0 |   0.1 | 1424.0
       Volcano |   0.4 |   0.0 |   0.8 |   0.0 |   0.2 | 2527.0
               +-------+-------+-------+-------+-------+----------------------
